 Dungeon Crawl Stone Soup version 0.17.1-3-g152610e (webtiles) character file.

882131 HEYYEYAAE the Slayer (level 27, 165/165 HPs)
             Began as a Vine Stalker Chaos Knight on Jan 24, 2016.
             Drowned
             ... on level 7 of Cocytus on Feb 26, 2016.
             The game lasted 04:18:19 (69106 turns).

HEYYEYAAE the Slayer (Vine Stalker Chaos Knight)   Turns: 69106, Time: 04:18:20

Health: 165/165    AC: 26    Str: 39    XL:     27
Magic:  45/45      EV: 28    Int: 12    God:    Xom [*.....]
Gold:   8378       SH:  0    Dex: 20    Spells: 8 memorised, 5 levels left

rFire  + + .     SeeInvis +     y - +5 pair of quick blades "Gyre" and "Gimble" {pierce, Dex-3}
rCold  + . .     Clarity  .     k - +1 scale mail "Numne" {rPois Dex+2 Slay+3 Stlth-}
rNeg   + + .     SustAt   .     (shield currently unavailable)
rPois  +         Gourm    .     t - +3 crown of Dyrovepreva {rElec Int+2 SInv}
rElec  +         Spirit   +     x - +2 cloak {MR+}
rCorr  .         Warding  +     e - +2 pair of gloves
rMut   .         Stasis   .     n - +0 pair of boots of the Komtur {rF+ MP+9 Int-2 Slay+4}
MR     +++++                    g - amulet of Satyriasis {Ward rN+ Str+9 Dex-3}
Stlth  ++........               T - ring "Udaph" {+Inv rF+ Str+6}
                                l - ring of the Four Souls {*Confuse rPois rN+ Dex+4 Slay+3}

@: almost entirely resistant to hostile enchantments, unstealthy
A: fangs 3, hooves 1, icy blue scales 1, thin metallic scales 1, thin skeletal
structure 1, cold resistance 1, magic resistance 2, mutation resistance 1,
regeneration 3, wild magic 1, magic shield, antimagic bite, no device heal 3,
rot immunity
a: Renounce Religion, Evoke Invisibility
}: 7/15 runes: serpentine, barnacled, slimy, silver, golden, iron, icy


You were on level 7 of Cocytus.
You worshipped Xom.
You were a special plaything of Xom.
You were not hungry.

You visited 14 branches of the dungeon, and saw 75 of its levels.
You visited 1 bazaar.
You visited 1 ziggurat, and saw 13 of its levels.
You also visited: Volcano and Wizlab.

You collected 11765 gold pieces.
You spent 3387 gold pieces at shops.

Inventory:

Hand Weapons
 y - the +5 pair of quick blades "Gyre" and "Gimble" (weapon) {pierce, Dex-3}
   (You acquired it on level 3 of the Depths)

   It inflicts extra damage upon your enemies.
   It affects your dexterity (-3).
 Y - the +6 rapier of Infinite Pain {chaos, rC+++ Dex+3}
   (Xom gifted it to you on level 3 of the Orcish Mines)

   Each time it hits an enemy it has a different, random effect.
   It affects your dexterity (+3).
   It renders you almost immune to cold.
Missiles
 r - 10 throwing nets
 S - 3 javelins of penetration (quivered)
 X - 5 javelins of returning
Armour
 c - a +5 shield of protection
 e - a +2 pair of gloves (worn)
 k - the +1 scale mail "Numne" (worn) {rPois Dex+2 Slay+3 Stlth-}
   (You found it on level 5 of the Vaults)

   It affects your dexterity (+2).
   It affects your accuracy and damage with ranged weapons and melee attacks
   (+3).
   It protects you from poison.
   It makes you less stealthy.
 n - the +0 pair of boots of the Komtur (worn) {rF+ MP+9 Int-2 Slay+4}
   (Xom gifted it to you on level 5 of the Lair of Beasts)

   It affects your intelligence (-2).
   It affects your accuracy and damage with ranged weapons and melee attacks
   (+4).
   It protects you from fire.
   It affects your magic capacity (+9).
 t - the +3 crown of Dyrovepreva (worn) {rElec Int+2 SInv}
   (You found it on level 3 of the Lair of Beasts)

   It affects your intelligence (+2).
   It insulates you from electricity.
   It lets you see invisible.
 x - a +2 cloak of magic resistance (worn)
 I - a +1 crystal plate armour
 W - a +2 shield of resistance
Jewellery
 g - the amulet of Satyriasis (around neck) {Ward rN+ Str+9 Dex-3}
   (You found it on level 3 of the Tomb of the Ancients)

   [amulet of warding]

   It may prevent the melee attacks of summoned creatures.
   It affects your strength (+9).
   It affects your dexterity (-3).
   It protects you from negative energy.
 l - the ring of the Four Souls (left hand) {*Confuse rPois rN+ Dex+4 Slay+3}
   (Xom gifted it to you on level 4 of the Vaults)

   [ring of slaying]

   It affects your dexterity (+4).
   It affects your accuracy and damage with ranged weapons and melee attacks
   (+3).
   It protects you from poison.
   It protects you from negative energy.
   It may confuse you when you take damage.
 s - the ring "Pomufiy" {MP+9 Str+5 Int+7}
   (You took it off a skeletal warrior on level 7 of Cocytus)

   [ring of strength]

   It affects your strength (+5).
   It affects your intelligence (+7).
   It affects your magic capacity (+9).
 w - the amulet "Baoce" {Clar rElec Dex+4}
   (You bought it in a shop on level 4 of the Vaults)

   [amulet of clarity]

   It provides mental clarity.
   It affects your dexterity (+4).
   It insulates you from electricity.
 L - the amulet "Ileuhaor" {Spirit rElec Str+7}
   (You took it off a deep elf high priest on level 3 of the Elven Halls)

   [amulet of guardian spirit]

   It causes incoming damage to be split between your health and magic.
   It affects your strength (+7).
   It insulates you from electricity.
 N - an uncursed amulet of resist mutation
 T - the ring "Udaph" (right hand) {+Inv rF+ Str+6}
   (You found it on level 3 of the Shoals)

   [ring of protection from fire]

   It affects your strength (+6).
   It protects you from fire.
   It lets you turn invisible.
Wands
 u - a wand of digging (6)
 C - a wand of teleportation (4)
 O - a wand of disintegration (14)
Scrolls
 i - 30 scrolls of remove curse
 v - 11 scrolls of magic mapping
 D - 3 scrolls of recharging
 K - 3 scrolls of summoning
 M - a scroll of fog
 U - 2 scrolls of silence
 V - 8 scrolls of teleportation
Potions
 d - 3 potions of cancellation
 f - 3 potions of resistance
 m - a potion of magic
 q - 2 potions of agility
 B - 20 potions of curing
 F - 2 potions of cure mutation
 G - 5 potions of flight
 R - 3 potions of might
Miscellaneous
 a - a sack of spiders
 h - a disc of storms
 j - a fan of gales
 p - 5 phantom mirrors
 A - a phial of floods
 E - a lamp of fire
 H - a sack of spiders {used: 9}
 J - a box of beasts {used: 5}
Comestibles
 b - 27 bread rations
 o - 26 meat rations
 z - 6 chunks of flesh


   Skills:
 * Level 23.4 Fighting
 * Level 20.4 Short Blades
 + Level 15.9 Throwing
 + Level 16.3 Armour
 * Level 19.7 Dodging
 - Level 8.0 Stealth
 + Level 18.1 Shields
 - Level 5.3 Unarmed Combat
 + Level 17.3 Evocations


You had 5 spell levels left.
You knew the following spells:

 Your Spells              Type           Power        Failure   Level  Hunger
a - Blink                 Tloc           N/A          86%         2    ###....
b - Apportation           Tloc           #.........   65%         1    ##.....
c - Shroud of Golubria    Chrm/Tloc      #.........   86%         2    ###....
d - Portal Projectile     Tloc           #.....       99%         3    ####...
e - Statue Form           Trmt/Erth      #........    100%        6    #######
f - Swiftness             Chrm/Air       #.......     86%         2    ###....
g - Passwall              Trmt/Erth      #.........   99%         3    ####...
h - Song of Slaying       Chrm           #.......     86%         2    ###....


Dungeon Overview and Level Annotations

Branches:
Dungeon (15/15)            Temple (0/1) D:5            Lair (8/8) D:9
 Shoals (4/4) Lair:4        Snake (4/4) Lair:4        Slime (6/6) Lair:7
    Orc (4/4) D:11            Elf (3/3) Orc:4        Vaults (5/5) D:13
  Crypt (3/3) Vaults:3       Tomb (3/3) Crypt:3      Depths (5/5) D:15
   Hell (1/1)                 Dis (7/7) Hell            Coc (7/7) Hell
    Zot (0/5) Depths:5
    Geh: Hell:1         Tar: Hell:1

Altars:
Ashenzari
Cheibriados
Fedhas
Gozag
Kikubaaqudgha
Makhleb
Nemelex Xobeh
Ru
Sif Muna
Trog
Vehumet
Xom
Yredelemnul
The Shining One
Beogh

Shops:
D:4 *   D:9 *   D:15 (   Orc:4 (==!   Snake:1 :   Snake:2 *   Vaults:2 *
Vaults:3 !   Vaults:4 =   Depths:4 (   Depths:5 (

Portals:
Hell: Depths:1 Depths:2 Depths:3 Depths:4 Depths:5
Abyss: Depths:3 Depths:4
Pandemonium: Depths:3 Depths:4

Annotations:
D:5 Pikel
Tomb:1 Boris


Innate Abilities, Weirdness & Mutations

You have razor-sharp teeth.
You regenerate.
When hurt, damage is shared between your health and your magic reserves.
Your bite disrupts and absorbs the magic of your enemies.
Potions and wands cannot restore your health.
You are immune to rotting.
You have large cloven feet.
You are partially covered in icy blue scales (AC +1).
You are partially covered in thin metallic scales (AC +2).
You have a somewhat thin skeletal structure (Dex +2, Stealth).
Your flesh is cold resistant.
You are highly resistant to hostile enchantments.
You are somewhat resistant to further mutation.
Your spells are a little harder to cast, but a little more powerful.


Message History

Why would you want to do that?
Drink which item? (? for menu, Esc to quit)
You feel very buoyant.
You fly up into the air.
There is an open door here.
You see here a sack of spiders.
a - a sack of spiders
Things that are here:
a sack of spiders {used: 9}; a lamp of fire
H - a sack of spiders {used: 9} You see here a long sword.
There is an open door, spattered with blood here.
You are starting to lose your buoyancy.
Are you sure you want to fly over deep water while you are losing your buoyancy? [Y]es or [N]o only, please.
Are you sure you want to fly over deep water while you are losing your buoyancy?
You float gracefully downwards.
You fall into the water!
You sink like a stone!
You drown...
You die...
Xom thinks this is hilarious!

,,,,*,,,≈≈≈≈≈≈≈≈≈≈≈≈≈≈≈≈≈≈≈≈≈≈≈*
,,,**,,,≈≈≈≈≈≈≈≈≈≈≈≈≈≈≈≈≈≈≈≈≈≈≈#
'***,,,≈≈≈≈≈≈≈≈≈≈≈≈≈≈≈≈≈≈≈≈≈≈≈≈#
,,,,,,,≈≈≈≈≈≈≈≈≈≈≈≈≈≈≈≈≈≈≈≈≈≈≈≈#
,,,,,≈≈≈≈≈≈≈≈≈≈≈≈≈≈≈≈≈≈≈≈≈≈≈≈≈≈#
≈≈≈≈≈≈≈≈≈≈≈≈≈≈≈≈≈≈≈≈≈≈≈≈≈≈≈≈≈≈≈#
≈≈≈≈≈≈≈≈≈≈≈≈≈≈≈)....≈≈≈≈≈≈≈≈≈≈≈#
≈≈≈≈≈≈≈≈≈≈≈≈≈≈.........≈≈≈≈≈≈≈≈#
≈≈Z≈≈≈≈≈≈≈≈≈....@≈≈≈≈≈≈...≈≈≈≈≈#
≈≈≈≈≈≈≈≈≈≈≈..≈≈≈≈≈≈≈≈≈≈≈≈..≈≈≈≈#
≈≈≈≈≈≈≈≈≈≈..≈≈≈≈......≈≈≈≈..≈≈≈#
≈≈≈≈≈≈≈≈≈..≈≈≈...)......≈≈≈..≈≈#
≈≈≈≈≈≈≈≈≈.≈≈≈....####E.=.≈≈..≈≈#
≈≈≈≈≈≈≈≈..≈≈...######'#..≈≈≈..≈#
≈≈≈≈≈≈≈..≈≈≈..##.}}}).##..≈≈..≈#
≈≈≈≈≈≈≈..≈≈...##......##..≈≈..≈#
≈≈≈≈≈≈≈..≈≈...##..}}}.##..≈≈..≈#


You could see a water elemental.

Vanquished Creatures
  Antaeus (Coc:7)
  the royal jelly (Slime:6)
  Dissolution (Slime:2)
  the Serpent of Hell (Coc:7)
  Dispater (Dis:7)
  3 ancient liches
  Mara (Snake:3)
  Mennas (Depths:5)
  A juggernaut (Slime:6)
  25 greater mummies
  The ghost of inmateoo the Shatterer, a legendary GrFi of the Shining One (Dis:7)
  11 shard shrikes
  Frederick (Tomb:2)
  2 golden dragons (Depths:5)
  Geryon (Hell)
  Nikola (Snake:3)
  A Brimstone Fiend (Dis:7)
  5 bone dragons
  5 tentacled monstrosities
  Jorgrun (Shoals:2)
  Rupert (Lair:8)
  9 Hell Sentinels (Dis:7)
  22 Ice Fiends
  12 liches
  Asterion (Vaults:2)
  3 quicksilver dragons
  2 titans
  A deep elf master archer (Elf:3)
  A deep elf blademaster (Elf:2)
  27 acid blobs
  9 sphinxes
  Polyphemus (Shoals:3)
  2 acid blobs (shapeshifter)
  2 tentacled starspawn (Zig:5)
  An Executioner (Dis:7)
  3 tengu reavers (Vaults:5)
  An octopode crusher (Shoals:1)
  3 storm dragons
  12 ancient champions
  6 shadow dragons
  8 revenants
  2 draconian monks
  9 fire giants
  14 azure jellies
  6 frost giants
  Wiglaf (Vaults:1)
  6 greater nagas (Snake:4)
  15 vault wardens
  A draconian scorcher (Zig:3)
  The ghost of hannobal the Eclecticist, an adept DEWz of Vehumet (Snake:2)
  4 iron dragons
  Louise (Elf:3)
  5 deep elf sorcerers
  2 juggernaut zombies
  5 curse skulls
  The ghost of Aviak the Champion of Chaos, a journeyman DDFi of Makhleb (Lair:8)
  2 balrugs
  An emperor scorpion (Lair:5)
  A caustic shrike zombie (Depths:2)
  2 draconian shifters (Depths:5)
  17 ironheart preservers
  10 very ugly things
  2 spriggan defenders (Depths:5)
  5 ghouls
  10 cacodemons (Dis:7)
  9 war gargoyles
  20 reapers
  4 elemental wellsprings (Coc:7)
  A large abomination (Zig:11)
  7 vampire knights
  8 deep elf demonologists
  18 stone giants
  Nessos (Lair:7)
  An apis (Depths:1)
  17 dire elephants (Depths:3)
  A purple draconian (Zig:3)
  2 lorocyprocas
  5 bennus
  2 white draconians (Depths:5)
  3 salamander stormcallers
  2 green draconians (Depths:5)
  A mottled draconian (Depths:5)
  A yellow draconian (Depths:5)
  10 deep elf annihilators
  8 deep elf death magi
  3 blizzard demons
  Snorg (D:12)
  3 jiangshi
  4 merfolk javelineers (Shoals:4)
  A green death (Depths:4)
  12 death oozes
  5 eidola
  2 crystal guardians
  43 vault guards
  16 mummy priests
  A hydra (shapeshifter) (Depths:2)
  13 ettins
  8 merfolk impalers
  4 quicksilver dragon zombies
  Josephine (D:14)
  10 fire dragons
  5 rakshasas
  A kraken zombie (Coc:5)
  9 deep elf high priests
  13 yaktaur captains
  3 entropy weavers (Depths:3)
  18 iron trolls
  16 great orbs of eyes
  15 hydras
  A hell beast (Depths:2)
  4 death knights
  11 naga warriors
  17 ice dragons
  4 spriggan air magi
  16 ogre magi
  2 merfolk avatars
  3 merfolk aquamancers
  A juggernaut simulacrum (Depths:2)
  15 anacondas
  2 catoblepae
  4 alligator snapping turtles
  3 satyrs
  An anaconda (shapeshifter) (Vaults:3)
  A tengu warrior (D:15)
  15 centaur warriors
  7 deep troll earth magi
  2 small abominations
  16 dancing weapons
  6 deep troll shamans
  3 soul eaters (Hell)
  11 death yaks
  4 shock serpents
  3 titan zombies
  8 naga sharpshooters
  Urug (Lair:4)
  5 storm dragon zombies
  2 iron golems
  7 vampire magi
  10 spriggan berserkers
  25 deep elf knights
  6 orc high priests
  4 titan skeletons
  4 sun demons (Hell)
  A fire crab (Vaults:2)
  16 ice devils
  13 hell knights
  A death drake (Vaults:3)
  21 deep trolls
  70 skeletal warriors
  2 salamander mystics
  4 anaconda zombies
  6 flayed ghosts
  7 shadow wraiths
  A golden dragon zombie (Crypt:3)
  4 wizards
  3 hill giants
  14 sea snakes
  A swamp dragon (shapeshifter) (Vaults:5)
  3 unseen horrors
  28 death scarabs
  22 orc knights
  An unseen horror (shapeshifter) (Vaults:1)
  3 shadow demons (Dis:7)
  2 anaconda skeletons
  31 anubis guards
  5 naga ritualists
  10 deep elf summoners
  3 shadow dragon zombies
  8 necromancers
  3 giant orange brains
  4 golden dragon skeletons
  A lindwurm (Tomb:2)
  10 ironbrand convokers
  4 wolf spider zombies
  A torturous demonspawn (Depths:4)
  18 harpies
  A harpy (shapeshifter) (Vaults:4)
  3 fire giant zombies
  4 orc sorcerers
  2 tengu zombies (Vaults:2)
  2 fauns
  10 phantasmal warriors
  13 deep elf conjurers
  An iron dragon zombie (Dis:3)
  9 oklob plants
  7 frost giant zombies
  A hornet (shapeshifter) (Vaults:3)
  4 shining eyes
  6 mana vipers
  8 cyclopes
  35 ugly things
  A shadow dragon skeleton (Dis:3)
  15 manticores
  4 stone giant zombies
  10 salamanders
  2 hornets
  A sixfirhy (Depths:4)
  2 water nymphs
  3 fire giant skeletons
  11 griffons
  A demonspawn zombie (WizLab)
  A stone giant skeleton (Tomb:1)
  A black mamba (shapeshifter) (Depths:2)
  12 naga magi
  A faun (shapeshifter) (Vaults:2)
  5 centaur zombies
  7 sirens
  12 vault sentinels
  5 wolf spiders
  5 elephants
  A molten gargoyle (Lair:4)
  2 shock serpent zombies
  21 rust devils
  7 dire elephant zombies
  2 salamanders (shapeshifter)
  34 black mambas
  10 hellions
  22 spiny frogs
  7 eyes of devastation
  5 gargoyles
  A centaur skeleton (D:13)
  A torpor snail (Lair:6)
  5 smoke demons
  8 komodo dragons
  A black draconian zombie (Crypt:2)
  A dire elephant skeleton (Coc:3)
  2 yaktaur zombies
  A green draconian zombie (Crypt:1)
  2 komodo dragons (shapeshifter)
  8 guardian serpents
  A white draconian zombie (Dis:3)
  An emperor scorpion zombie (Dis:3)
  A tengu conjurer (Depths:3)
  A troll (shapeshifter) (Vaults:5)
  33 yaktaurs
  An anaconda simulacrum (Hell)
  34 guardian mummies
  A hellwing (Zig:5)
  A death yak skeleton (Crypt:1)
  6 fire drakes
  A black draconian skeleton (Crypt:1)
  17 deep elf priests
  A harpy zombie (Coc:7)
  15 red devils
  A yaktaur skeleton (Vaults:2)
  13 freezing wraiths
  A yaktaur (shapeshifter) (Depths:2)
  15 hydra zombies
  A queen bee (D:9)
  2 wind drakes (shapeshifter)
  A jumping spider (shapeshifter) (Elf:1)
  33 merfolk
  18 tormentors
  8 trolls
  A merfolk (shapeshifter) (Zig:11)
  22 blink frogs
  A giant leech (Lair:8)
  21 two-headed ogres
  2 polar bears
  A queen bee (shapeshifter) (Vaults:2)
  5 wind drakes
  14 blue devils
  4 ettin zombies
  4 fire dragon zombies
  A jumping spider (Depths:3)
  4 alligator zombies
  A harpy skeleton (D:14)
  109 slime creatures
  5 ushabtiu
  A hornet zombie (WizLab)
  2 hydra skeletons
  3 boulder beetles
  A raiju (Zig:5)
  9 snapping turtles
  A trapdoor spider zombie (D:14)
  An ice dragon zombie (Crypt:3)
  41 flying skulls
  3 spriggan zombies
  A black mamba zombie (Dis:7)
  5 spriggans
  A stone giant simulacrum (Coc:3)
  3 air elementals (Depths:2)
  4 redbacks (Depths:3)
  An ice dragon skeleton (Tomb:3)
  9 shadows
  A spriggan (shapeshifter) (Depths:4)
  11 vampires
  3 fire dragon skeletons
  2 tarantellas (Depths:3)
  2 basilisks
  An alligator skeleton (Coc:7)
  35 deep elf fighters
  2 humans
  15 golden eyes
  A hog (shapeshifter) (Depths:1)
  11 wraiths
  A wyvern (D:13)
  30 deep elf magi
  19 water elementals
  24 yaks
  4 hungry ghosts
  A basilisk (shapeshifter) (Depths:1)
  A fire elemental (Lair:3)
  A golden eye (shapeshifter) (Orc:4)
  A wolf (Zig:7)
  15 hippogriffs
  8 fire bats
  A chaos spawn (Zig:5)
  12 water moccasins
  21 vampire mosquitoes
  Menkaure (D:7)
  A hippogriff (shapeshifter) (Vaults:4)
  A steam dragon (shapeshifter) (Elf:2)
  A wolf (shapeshifter) (D:15)
  2 soldier ants (shapeshifter)
  3 mottled dragons
  A steam dragon (D:9)
  7 spiny frog zombies
  A monstrous demonspawn zombie (Crypt:3)
  5 wargs
  25 hell hounds
  2 hydra simulacra
  39 nagas
  A swamp drake (D:9)
  2 orb spider zombies (Crypt:2)
  Duvessa (D:5)
  2 phantoms
  A black bear (D:11)
  A putrid demonspawn skeleton (Crypt:2)
  5 wasps
  An ogre (shapeshifter) (Vaults:1)
  7 eyes of draining
  An eye of draining (shapeshifter) (Vaults:2)
  5 sky beasts
  17 porcupines
  A swamp dragon zombie (Dis:7)
  47 orc warriors
  A boggart (shapeshifter) (Lair:8)
  A snapping turtle skeleton (Tomb:1)
  4 snapping turtle zombies
  4 boggarts (Depths:3)
  4 ice beasts
  3 necrophages
  A swamp dragon skeleton (Coc:3)
  54 ogres
  13 crocodiles
  A lindwurm skeleton (Crypt:2)
  A big kobold (shapeshifter) (Vaults:5)
  36 centaurs
  A brain worm (D:13)
  A fire crab zombie (Crypt:1)
  A giant frog (shapeshifter) (Elf:3)
  A fire drake skeleton (Crypt:2)
  32 giant frogs
  3 spiny frog simulacra
  An elf skeleton (Crypt:2)
  Dowan (D:5)
  A human skeleton (Vaults:2)
  A cyclops skeleton (Crypt:1)
  4 scorpions
  A raiju zombie (WizLab)
  A human simulacrum (Vaults:1)
  33 killer bees
  22 wights
  9 crimson imps
  3 lava snakes (Volcano)
  An electric eel (Lair:6)
  3 giant frog zombies
  10 iguanas
  A giant frog skeleton (D:4)
  19 worker ants
  5 hounds
  24 orc wizards
  A quasit (D:11)
  51 jellies
  19 iron imps
  51 orc priests
  17 sheep
  A hound zombie (Crypt:1)
  2 hound skeletons
  A naga skeleton (Crypt:1)
  30 mummies
  13 adders
  39 river rats
  A swamp drake skeleton (Crypt:2)
  4 white imps
  4 shadow imps
  5 oozes
  An adder skeleton (D:9)
  A worm (D:5)
  6 giant geckos
  208 orcs
  4 bats
  9 giant cockroaches
  11 hobgoblins
  23 jackals
  2 quokkas
  A ball python (D:4)
  3 giant newts
  6 goblins
  4 kobolds
  2 quokka skeletons
  8 rats
  6 crawling corpses
  5 fire vortices
  A fungus (Depths:3)
  5 plants
  2 starspawn tentacles (Zig:5)
3275 creatures vanquished.

Vanquished Creatures (collateral kills)
  A greater mummy (Tomb:1)
  A titan (Vaults:5)
  A sphinx (Vaults:5)
  2 tengu reavers (Vaults:5)
  An ancient champion (Zig:8)
  3 greater nagas
  A fire giant (Vaults:5)
  A revenant (Tomb:1)
  2 deep elf sorcerers (Elf:3)
  A vault warden (Vaults:5)
  2 ironheart preservers
  2 stone giants
  A salamander stormcaller (Vaults:2)
  A dire elephant (Vaults:2)
  A bennu (Zig:9)
  A deep elf annihilator (Elf:3)
  A merfolk javelineer (Shoals:2)
  3 mummy priests
  An ettin (Vaults:5)
  A fire dragon (Depths:1)
  A minotaur (Orc:4)
  2 naga warriors
  8 anacondas
  An orc high priest (Orc:4)
  A deep troll earth mage (Vaults:2)
  A death yak (Lair:7)
  A naga sharpshooter (Snake:4)
  2 ice devils
  A skeletal warrior (Tomb:1)
  3 death scarabs
  A naga ritualist (Snake:4)
  A deep troll (Vaults:2)
  2 naga magi (Snake:4)
  A deep elf conjurer (Vaults:5)
  A griffon (Shoals:2)
  A water nymph (Shoals:1)
  A manticore (Shoals:3)
  A cyclops (Vaults:2)
  A salamander (Snake:4)
  3 black mambas
  3 orc knights (Orc:4)
  3 guardian serpents (Snake:4)
  An elephant (Lair:8)
  A siren (Shoals:3)
  2 spiny frogs
  A gargoyle (D:10)
  A freezing wraith (Vaults:5)
  A guardian mummy (Tomb:2)
  A human skeleton (Vaults:2)
  5 merfolk
  4 slime creatures
  A deep elf mage (Elf:3)
  A fire bat (Depths:1)
  Eustachio (D:5)
  A hydra simulacrum (Coc:7)
  2 nagas (Snake:4)
  A porcupine (Lair:5)
  A hell hound (Dis:7)
  A human zombie (Vaults:2)
  3 orc warriors (Orc:4)
  A centaur (Lair:4)
  An orc priest (Orc:4)
  An orc wizard (D:11)
  An iguana (Lair:5)
  3 sheep
  A mummy (Tomb:1)
  5 orcs
  A crawling corpse (Elf:3)
111 creatures vanquished.

Vanquished Creatures (others)
  A greater mummy (Tomb:3)
  A lich (Zig:12)
  An acid blob (Slime:6)
  An ancient champion (Tomb:2)
  An ironheart preserver (Zig:11)
  2 salamander stormcallers (Vaults:5)
  A deep elf death mage (Elf:3)
  A death ooze (Slime:6)
  A shock serpent (Snake:4)
  2 deep elf high priests
  A vault guard (D:13)
  An anaconda (Snake:4)
  6 dancing weapons
  A deep troll shaman (Vaults:3)
  A death yak (Shoals:3)
  2 deep troll earth magi
  A putrid demonspawn (Zig:13)
  4 death scarabs (Tomb:3)
  An anubis guard (Tomb:3)
  A guardian serpent (Snake:4)
  An ironbrand convoker (Vaults:3)
  An orc sorcerer (Vaults:3)
  An ugly thing (Depths:4)
  A vault sentinel (Vaults:5)
  3 black mambas
  6 naga magi
  A spiny frog (Lair:8)
  A guardian mummy (Tomb:3)
  A deep elf priest (Vaults:4)
  An entropy weaver zombie (WizLab)
  5 flying skulls
  A water elemental (Shoals:1)
  2 ball lightnings (Snake:4)
  2 deep elf fighters (Elf:3)
  2 hippogriffs
  5 nagas (Snake:4)
  3 water moccasins (Snake:1)
  2 ogres (Vaults:3)
  4 giant frogs (Lair:8)
  An orc wizard (Orc:4)
  3 sheep (Lair:8)
  2 mummies (Tomb:2)
  2 river rats (Lair:8)
  3 orcs
  A ball python (Snake:1)
  4 crawling corpses (Elf:3)
  A fire vortex (Lair:5)
  31 fungi
  10 lost souls
  46 plants
  4 starspawn tentacles (Zig:5)
  41 starspawn tentacle segments (Zig:5)
  13 tentacles (Shoals:4)
  584 tentacle segments (Shoals:4)
820 creatures vanquished.

Grand Total: 4206 creatures vanquished

Notes
Turn   | Place    | Note
--------------------------------------------------------------
     0 | D:1      | HEYYEYAAE the Vine Stalker Chaos Knight began the quest for the Orb.
     0 | D:1      | Reached XP level 1. HP: 11/11 MP: 2/2
    81 | D:1      | XOM: divination: detect creatures
    85 | D:1      | Reached skill level 1 in Dodging
    85 | D:1      | Reached XP level 2. HP: 16/16 MP: 3/3
   327 | D:1      | Reached XP level 3. HP: 11/19 MP: 4/4
   617 | D:2      | XOM: divination: detect creatures
   784 | D:2      | Reached XP level 4. HP: 18/24 MP: 3/5
   899 | D:2      | Found a blossoming altar of Fedhas.
  1291 | D:3      | Reached XP level 5. HP: 28/28 MP: 6/6
  1592 | D:4      | Found Wiwirchuc's Assorted Antiques.
  1657 | D:4      | Bought a scroll labeled EDWANW NEGITH for 30 gold pieces
  1812 | D:4      | XOM: potion effect (curing)
  1815 | D:4      | Reached skill level 4 in Fighting
  1827 | D:4      | Gained mutation: You heal very quickly. [Vine Stalker growth]
  1827 | D:4      | Reached XP level 6. HP: 17/33 MP: 7/7
  1886 | D:4      | XOM: divination: detect creatures
  2529 | D:4      | XOM is BORED!
  2529 | D:4      | XOM: harmless Ice miscast
  2580 | D:4      | Bought a distressingly furry leather armour for 210 gold pieces
  2590 | D:4      | Identified the +4 leather armour of Masochism {Dex+4} (You bought it in a shop on level 4 of the Dungeon)
  2597 | D:5      | Entered Level 5 of the Dungeon
  2608 | D:4      | Reached XP level 7. HP: 33/38 MP: 6/8
  2608 | D:4      | XOM: cast spell 'Ice Form'
  2649 | D:5      | Noticed Dowan
  2650 | D:5      | Noticed Duvessa
  2663 | D:5      | Reached skill level 5 in Fighting
  2666 | D:5      | Killed Duvessa
  2671 | D:5      | Killed Dowan
  2691 | D:5      | Found a staircase to the Ecumenical Temple.
  2735 | D:5      | XOM: harmless Chrm miscast
  2766 | D:5      | XOM: potion effect (berserk rage)
  2844 | D:5      | XOM: medium Ice miscast
  2885 | D:5      | Noticed Eustachio
  2886 | D:5      | XOM: summons 2 friendly demons
  2887 | D:5      | XOM: summons 5 friendly demons
  2922 | D:5      | Killed Eustachio
  2922 | D:5      | Reached skill level 1 in Throwing
  3071 | D:5      | Gained mutation: You have razor-sharp teeth. [Vine Stalker growth]
  3071 | D:5      | Reached XP level 8. HP: 44/44 MP: 9/9
  3151 | D:5      | Found a shattered altar of Ashenzari.
  3158 | D:5      | XOM: give mutations
  3158 | D:5      | Gained mutation: You have supernaturally acute eyesight. [Xom's grace]
  3158 | D:5      | Gained mutation: You are agile. (Dex +2) [Xom's grace]
  3173 | D:5      | Reached skill level 1 in Evocations
  3244 | D:5      | Found an ancient bone altar of Kikubaaqudgha.
  3245 | D:5      | Noticed Pikel
  3262 | D:5      | Found a bloodstained altar of Trog.
  3298 | D:5      | Found a shimmering altar of Xom.
  3348 | D:5      | Reached skill level 6 in Fighting
  3506 | D:6      | Found a deep blue altar of Sif Muna.
  3840 | D:6      | Found a snail-covered altar of Cheibriados.
  4180 | D:7      | Noticed Menkaure
  4208 | D:7      | Found a glowing golden altar of the Shining One.
  4208 | D:7      | XOM: 8-stop teleportation journey
  4265 | D:7      | Found an opulent altar of Gozag.
  4290 | D:7      | XOM: give mutations
  4290 | D:7      | Gained mutation: You are partially covered in molten scales (AC +1). [Xom's mischief]
  4290 | D:7      | Lost mutation: You are agile. (Dex +2) [Xom's mischief]
  4290 | D:7      | Gained mutation: Your magical capacity is low (-10% MP). [Xom's mischief]
  4324 | D:7      | XOM: mild Pois miscast
  4496 | D:7      | Killed Menkaure
  4496 | D:7      | Reached XP level 9. HP: 49/49 MP: 10/10
  4507 | D:7      | XOM: blink monster(s)
  4615 | D:7      | Reached skill level 7 in Fighting
  4708 | D:7      | XOM: silly message
  4844 | D:7      | XOM: mild Summ miscast
  4992 | D:7      | XOM: divination: detect creatures
  5033 | D:7      | XOM: divination: detect creatures
  5150 | D:8      | XOM: confusion (+ monsters)
  5221 | D:8      | Found a basalt altar of Yredelemnul.
  5248 | D:8      | Found a shattered altar of Ashenzari.
  5248 | D:8      | Found a sparkling altar of Nemelex Xobeh.
  5248 | D:8      | XOM: 1-stop teleportation journey
  5255 | D:8      | Found an opulent altar of Gozag.
  5371 | D:8      | XOM: confuse monster(s)
  5410 | D:8      | XOM: harmless Hex miscast
  5525 | D:8      | Found a radiant altar of Vehumet.
  5526 | D:8      | Found a burning altar of Makhleb.
  5967 | D:9      | Reached skill level 8 in Fighting
  5972 | D:9      | Noticed a hill giant
  5976 | D:9      | XOM: summons friendly crimson imp
  5977 | D:9      | Reached skill level 5 in Armour
  5994 | D:9      | XOM: noise
  6000 | D:9      | Found Vodwumpe's General Store.
  6000 | D:9      | XOM: 6-stop teleportation journey
  6006 | D:9      | Bought a scroll of recharging for 133 gold pieces
  6006 | D:9      | Bought 3 scrolls of teleportation for 126 gold pieces
  6116 | D:9      | XOM: enchant monster (bad)
  6119 | D:9      | XOM: noise
  6122 | D:9      | XOM: harmless Divn miscast
  6123 | D:9      | Reached skill level 1 in Shields
  6129 | D:9      | Reached XP level 10. HP: 37/56 MP: 8/12
  6158 | D:9      | XOM: colour smoke trail
  6278 | D:9      | Reached skill level 5 in Dodging
  6644 | D:9      | XOM: butterfly on damage
  6680 | D:9      | Killed a hill giant
  6844 | D:9      | XOM: enchant monster (bad)
  6955 | D:9      | Noticed a komodo dragon
  6955 | D:9      | XOM: blink monster(s)
  6962 | D:9      | XOM: harmless Ice miscast
  6967 | D:9      | XOM: enchant monster (bad)
  6969 | D:9      | XOM: polymorph crocodile -> blink frog
  6976 | D:9      | Killed a komodo dragon
  6992 | D:9      | XOM: fog
  7002 | D:9      | Reached skill level 9 in Fighting
  7046 | D:9      | XOM: vitrification
  7053 | D:9      | XOM: enchant monster (good)
  7086 | D:9      | XOM: confuse monster(s)
  7159 | D:9      | Found a staircase to the Lair.
  7176 | D:9      | XOM: cast spell 'Confusing Touch'
  7184 | D:9      | Reached XP level 11. HP: 54/62 MP: 14/14
  7246 | Lair:1   | Entered Level 1 of the Lair of Beasts
  7309 | Lair:1   | Noticed a lindwurm
  7309 | Lair:1   | Found a dark tunnel.
  7334 | Volcano  | Entered a volcano
  7365 | Volcano  | XOM: cast spell 'Summon Butterflies'
  7373 | Volcano  | XOM: butterfly on damage
  7373 | Volcano  | XOM: smoke on damage
  7532 | Volcano  | XOM: summons friendly crimson imp
  7555 | Volcano  | Noticed a fire crab
  7558 | Volcano  | XOM: enchant monster (bad)
  7565 | Volcano  | Found a radiant altar of Vehumet.
  7569 | Volcano  | HP: 2/62 [fire drake/blast of flame (15)]
  7574 | Volcano  | XOM: cast spell 'Stoneskin'
  7678 | Volcano  | XOM: harmless Chrm miscast
  7684 | Volcano  | XOM: potion effect (brilliance)
  7692 | Volcano  | XOM: harmless Air miscast
  7730 | Volcano  | XOM: butterfly on damage
  7855 | Volcano  | Found a radiant altar of Vehumet.
  7885 | Volcano  | XOM: confuse monster(s)
  7894 | Lair:1   | XOM: mild Hex miscast
  7895 | Lair:1   | XOM: potion effect (berserk rage)
  8173 | Lair:1   | XOM: summons 8 friendly demons
  8332 | Lair:1   | XOM: confusion
  8344 | Lair:1   | XOM: divination: detect creatures
  8354 | Lair:1   | XOM: harmless Hex miscast
  8445 | Lair:1   | Reached skill level 5 in Throwing
  8445 | Lair:1   | Reached skill level 5 in Shields
  8683 | Lair:1   | Noticed a six-headed hydra
  8784 | D:10     | Entered Level 10 of the Dungeon
  8818 | D:10     | Reached skill level 5 in Evocations
  9107 | D:10     | XOM: give mutations
  9107 | D:10     | Gained mutation: You have large cloven feet. [Xom's grace]
  9107 | D:10     | Gained mutation: You are partially covered in iridescent scales (AC +4). [Xom's grace]
  9358 | D:11     | XOM: summons 7 friendly demons
  9541 | D:11     | XOM: harmless Pois miscast
  9773 | D:11     | Found a staircase to the Orcish Mines.
  9814 | D:11     | XOM: confuse monster(s)
  9883 | D:11     | Noticed an unseen horror
  9898 | D:11     | Killed an unseen horror
 10070 | D:11     | XOM: enchant monster (good)
 10201 | Orc:1    | Entered Level 1 of the Orcish Mines
 10209 | Orc:1    | XOM: confusion
 10451 | Orc:1    | XOM: medium Hex miscast
 10519 | Orc:2    | Reached skill level 10 in Fighting
 10576 | Orc:2    | XOM: harmless Tloc miscast
 10583 | Orc:2    | XOM: confuse monster(s)
 10647 | Orc:2    | Found a roughly hewn altar of Beogh.
 10648 | Orc:2    | Noticed an orc high priest
 10652 | Orc:2    | HP: 1/63 [orc priest/divine providence (7)]
 10755 | Orc:3    | XOM: god gift: slimy rapier {god gift}
 10763 | Orc:3    | Got a slimy rapier {god gift}
 10769 | Orc:3    | Identified the +6 rapier of Infinite Pain {chaos, rC+++ Dex+3} (Xom gifted it to you on level 3 of the Orcish Mines)
 10777 | Orc:3    | XOM: cast spell 'Summon Butterflies'
 10792 | Orc:3    | Gained mutation: You regenerate. [Vine Stalker growth]
 10792 | Orc:3    | Reached XP level 12. HP: 67/67 MP: 15/15
 10950 | Orc:3    | XOM: summons friendly white imp
 10954 | Orc:3    | XOM: enchant monster (bad)
 11054 | Orc:2    | XOM: colour smoke trail
 11162 | Orc:2    | XOM: swap monsters
 11162 | Orc:2    | Killed an orc high priest
 11231 | Orc:2    | XOM: confuse monster(s)
 11233 | Orc:2    | XOM: harmless Divn miscast
 11283 | Orc:2    | XOM: divination: detect creatures
 11313 | Orc:2    | XOM: noise
 11768 | Orc:4    | Entered Level 4 of the Orcish Mines
 11806 | Orc:4    | XOM: harmless Chrm miscast
 11832 | Orc:4    | Noticed an orc high priest
 11896 | Orc:3    | Killed an orc high priest
 11916 | Orc:4    | XOM: scenery: 1 doors open
 11920 | Orc:4    | Found a bloodstained altar of Trog.
 11966 | Orc:4    | Found a staircase to the Elven Halls.
 12098 | Orc:4    | XOM: mild Summ miscast
 12127 | Orc:4    | XOM: smoke on damage
 12129 | Orc:4    | XOM: confuse monster(s)
 12361 | Orc:4    | XOM: divination: magic mapping
 12364 | Orc:4    | XOM: divination: detect creatures
 12372 | Orc:4    | Noticed an orc high priest
 12376 | Orc:4    | XOM: potion effect (haste)
 12407 | Orc:4    | XOM: potion effect (invisibility)
 12419 | Orc:4    | Killed an orc high priest
 12497 | Orc:4    | XOM: harmless Conj miscast
 12648 | Orc:4    | XOM: harmless Necr miscast
 12687 | Orc:4    | XOM: potion effect (magic)
 12706 | Orc:4    | XOM: silly message
 12782 | Orc:4    | XOM: silly message
 12784 | Orc:4    | XOM: enchant monster (good)
 12791 | Orc:4    | XOM: potion effect (berserk rage)
 12874 | Orc:4    | Noticed an orc high priest
 12882 | Orc:4    | Noticed a minotaur
 12882 | Orc:4    | an orc high priest changed into a minotaur
 12889 | Orc:4    | Killed a minotaur
 12889 | Orc:4    | Reached skill level 11 in Fighting
 13081 | Orc:4    | Noticed an orc high priest
 13087 | Orc:4    | Killed an orc high priest
 13087 | Orc:4    | Reached XP level 13. HP: 74/74 MP: 17/17
 13095 | Orc:4    | Noticed an orc high priest
 13103 | Orc:4    | Killed an orc high priest
 13120 | Orc:4    | Noticed an orc high priest
 13136 | Orc:4    | Killed an orc high priest
 13190 | Orc:4    | Found Giczubips's Antique Weapon Shoppe.
 13190 | Orc:4    | Found Qiublatt's Distillery.
 13191 | Orc:4    | Found Tomeh's Jewellery Shoppe.
 13191 | Orc:4    | Found Arpheppy's Jewellery Emporium.
 13483 | Orc:4    | XOM: vitrification
 13495 | Orc:4    | XOM: give mutations
 13495 | Orc:4    | Gained mutation: Your body sometimes deteriorates upon taking damage. [Xom's mischief]
 13495 | Orc:4    | Gained mutation: You are weak. (Str -2) [Xom's mischief]
 13495 | Orc:4    | Gained mutation: You are dopey. (Int -2) [Xom's mischief]
 13495 | Orc:4    | Lost mutation: You are weak. (Str -2) [Xom's mischief]
 13540 | Orc:4    | XOM: god gift: 13 bolts of frost
 13614 | Orc:4    | XOM: medium Erth miscast
 13619 | Orc:4    | Bought an uncursed ring of poison resistance for 260 gold pieces
 13619 | Orc:4    | Bought a cursed amulet of resist corrosion for 221 gold pieces
 13621 | Orc:4    | Bought a +3 ring of evasion for 294 gold pieces
 13622 | Orc:4    | Bought a scorched rapier for 243 gold pieces
 13629 | Orc:4    | Identified the +1 rapier of Bloodstone {holy, +Rage} (You bought it in a shop on level 4 of the Orcish Mines)
 13904 | D:9      | XOM: medium Ice miscast
 13944 | Lair:1   | XOM: enchant monster (good)
 13946 | Lair:1   | Killed a six-headed hydra
 14899 | Lair:3   | Got a faintly glowing leather armour
 14915 | Lair:3   | Identified the +1 leather armour "Goliokou" {Dex+3} (You found it on level 3 of the Lair of Beasts)
 14977 | Lair:3   | XOM: divination: magic mapping
 15178 | Lair:3   | XOM: cast spell 'Statue Form'
 15228 | Lair:3   | XOM: enchant monster (good)
 15284 | Lair:3   | XOM: polymorph fire drake -> naga
 15412 | Lair:3   | Noticed Urug
 15429 | Lair:3   | XOM: smoke on damage
 15434 | Lair:4   | XOM: summons friendly shadow imp
 15435 | Lair:4   | Killed Urug
 15437 | Lair:4   | XOM: god gift: bread ration
 15481 | Lair:4   | Found a staircase to the Shoals.
 15481 | Lair:4   | Found a staircase to the Snake Pit.
 15481 | Lair:4   | XOM: 9-stop teleportation journey
 15563 | Lair:3   | XOM: god gift: 10 bolts of frost
 15663 | Lair:3   | XOM: summons 2 friendly demons
 15961 | Lair:4   | XOM: god gift: blowgun {god gift}
 16049 | Lair:4   | XOM: give mutation
 16049 | Lair:4   | Lost mutation: Your magical capacity is low (-10% MP). [Xom's grace]
 16116 | Lair:4   | XOM: summons 2 friendly demons
 16223 | Lair:4   | XOM: divination: detect creatures
 16237 | Lair:4   | XOM: god gift: beef jerky
 16291 | Lair:4   | XOM: vitrification
 16487 | Lair:5   | Noticed Maud
 16499 | Lair:5   | XOM: swap monsters
 16506 | Lair:5   | XOM: fog
 16511 | Lair:5   | XOM: swap monsters
 16513 | Lair:5   | XOM: fog
 16519 | Lair:5   | XOM: enchant monster (good)
 16527 | Lair:5   | Noticed Maud
 16527 | Lair:5   | Maud changed into Maud the emperor scorpion
 16535 | Lair:5   | XOM: fog
 16554 | Lair:5   | XOM: summons friendly shadow imp
 16567 | Lair:5   | Killed Maud the emperor scorpion
 16924 | Lair:5   | Reached skill level 12 in Fighting
 16966 | Lair:5   | XOM: god gift: pair of warped boots {god gift}
 17133 | Lair:5   | Got a pair of warped boots {god gift}
 17140 | Lair:5   | Identified the +0 pair of boots of the Komtur {rF+ MP+9 Int-2 Slay+4} (Xom gifted it to you on level 5 of the Lair of Beasts)
 17197 | Lair:5   | XOM: potion effect (berserk rage)
 17200 | Lair:5   | XOM: swap monsters
 17393 | Lair:6   | Reached XP level 14. HP: 70/80 MP: 20/20
 17394 | Lair:6   | XOM: divination: detect items
 17519 | Lair:6   | XOM: cast spell 'Beastly Appendage'
 17543 | Lair:6   | XOM: colour smoke trail
 18238 | Lair:7   | XOM: enchant monster (good)
 18270 | Lair:7   | Found a staircase to the Slime Pits.
 18325 | Lair:7   | Noticed Nessos
 18331 | Lair:7   | Killed Nessos
 18356 | Lair:7   | XOM: enchant monster (bad)
 18359 | Lair:7   | XOM: give mutations
 18359 | Lair:7   | Gained mutation: Your system is resistant to poisons. [Xom's grace]
 18359 | Lair:7   | Gained mutation: Your spells are a little harder to cast, but a little more powerful. [Xom's grace]
 18428 | Lair:7   | Reached skill level 10 in Shields
 18538 | Lair:7   | XOM: 1-stop teleportation journey
 18549 | Lair:7   | You fall through a shaft!
 18549 | Lair:8   | Entered Level 8 of the Lair of Beasts
 18572 | Lair:8   | XOM: torment (53/81 hp)
 18578 | Lair:8   | XOM: severe Chrm miscast
 18595 | Lair:8   | Gained mutation: Your magical capacity is low (-10% MP). [mutagenic glow]
 18601 | Lair:8   | XOM: 1-stop teleportation journey
 18615 | Lair:8   | XOM: confusion (+ monsters)
 18621 | Lair:8   | XOM: divination: detect creatures
 18624 | Lair:8   | Lost mutation: You have supernaturally acute eyesight. [mutagenic glow]
 18719 | Lair:8   | XOM: harmless Necr miscast
 18721 | Lair:8   | XOM: divination: detect items
 18724 | Lair:8   | XOM: potion effect (invisibility)
 18725 | Lair:8   | XOM: torment (52/81 hp)
 18730 | Lair:8   | XOM: harmless Necr miscast
 18739 | Lair:8   | XOM: polymorph giant frog -> iguana
 18761 | Lair:8   | Noticed Aviak's ghost (journeyman DDFi)
 18761 | Lair:8   | XOM: destruction
 18765 | Lair:8   | XOM: summons friendly crimson imp
 18766 | Lair:8   | XOM: fog
 18775 | Lair:8   | XOM: summons 3 friendly demons
 18776 | Lair:8   | XOM: enchant monster (good)
 18789 | Lair:8   | Killed Aviak's ghost
 18800 | Lair:8   | XOM: enchant monster (good)
 18817 | Lair:8   | XOM: swap monsters
 18842 | Lair:8   | XOM: destruction
 18844 | Lair:8   | XOM: summons 6 friendly demons
 18990 | Lair:8   | XOM: swap monsters
 19047 | Lair:8   | Noticed Rupert
 19050 | Lair:8   | XOM: summons friendly white imp
 19054 | Lair:8   | XOM: swap monsters
 19057 | Lair:8   | XOM: enchant monster (good)
 19060 | Lair:8   | Killed Rupert
 19060 | Lair:8   | Reached skill level 13 in Fighting
 19102 | Lair:8   | XOM: enchant monster (good)
 19105 | Lair:8   | XOM: confuse monster(s)
 19106 | Lair:8   | XOM: confuse monster(s)
 19109 | Lair:8   | Reached XP level 15. HP: 86/86 MP: 20/20
 19152 | Lair:8   | XOM: confuse monster(s)
 19213 | Lair:8   | XOM: divination: magic mapping
 19236 | Lair:8   | XOM: noise
 19410 | Lair:8   | XOM: god gift: runed robe {god gift}
 19614 | Lair:8   | XOM: medium Chrm miscast
 19666 | Lair:7   | XOM: enchant monster (good)
 19672 | Lair:7   | XOM: divination: detect items
 19673 | Lair:7   | XOM: enchant monster (good)
 19732 | Lair:7   | XOM: divination: magic mapping
 19848 | Lair:7   | Reached skill level 5 in Unarmed Combat
 20078 | Lair:7   | XOM: medium Chrm miscast
 20234 | Snake:1  | Entered Level 1 of the Snake Pit
 20249 | Snake:1  | XOM: enchant monster (bad)
 20264 | Snake:1  | XOM: harmless Conj miscast
 20274 | Snake:1  | XOM: smoke on damage
 20277 | Snake:1  | XOM: divination: magic mapping
 20401 | Snake:1  | XOM: summons 3 friendly demons
 20405 | Snake:1  | XOM: destruction
 20408 | Snake:1  | XOM: give mutation
 20408 | Snake:1  | Gained mutation: You are partially covered in icy blue scales (AC +1). [Xom's grace]
 20747 | Snake:1  | Found a runed gate.
 20748 | Snake:1  | Found a runed gate.
 20748 | Snake:1  | Found a runed gate.
 20888 | Snake:1  | XOM: draining
 21056 | Snake:1  | XOM: smoke on damage
 21206 | Snake:1  | XOM: harmless Summ miscast
 21263 | Snake:1  | XOM: mild Divn miscast
 21321 | Snake:1  | Reached skill level 1 in Short Blades
 21400 | Snake:1  | Found Woeschic's Book Shoppe.
 21412 | Snake:1  | Found a burning altar of Makhleb.
 21443 | Snake:1  | XOM: noise
 21452 | Snake:1  | XOM: confuse monster(s)
 21456 | Snake:1  | XOM: silly message
 21457 | Snake:1  | XOM: confusion
 21458 | Snake:1  | XOM: vitrification
 21463 | Snake:1  | XOM: cast spell 'Death Channel'
 21466 | Snake:1  | XOM: snakes to sticks
 21577 | Snake:1  | XOM: cast spell 'Ice Form'
 21806 | Snake:2  | XOM: snakes to sticks
 21838 | Snake:2  | Noticed hannobal's ghost (adept DEWz)
 21840 | Snake:2  | XOM: chaos cloud
 21908 | Snake:2  | XOM: enchant monster (bad)
 21911 | Snake:2  | XOM: noise
 21918 | Snake:2  | XOM: blink monster(s)
 21929 | Snake:2  | XOM: confuse monster(s)
 21931 | Snake:2  | XOM: enchant monster (good)
 21939 | Snake:2  | XOM: confuse monster(s)
 21940 | Snake:2  | XOM: divination: detect creatures
 21942 | Snake:2  | XOM: harmless Trmt miscast
 22003 | Snake:2  | XOM: harmless Hex miscast
 22021 | Snake:2  | XOM: colour smoke trail
 22081 | Snake:2  | XOM: divination: detect creatures
 22455 | Snake:2  | Killed hannobal's ghost
 22476 | Snake:2  | Found Veurak's Assorted Antiques.
 22497 | Snake:2  | Bought a scroll of identify for 60 gold pieces
 22497 | Snake:2  | Bought a scroll of identify for 60 gold pieces
 22497 | Snake:2  | Bought a scroll of identify for 60 gold pieces
 22497 | Snake:2  | Bought a scroll of teleportation for 90 gold pieces
 22606 | Snake:2  | XOM: divination: detect creatures
 22680 | Snake:2  | Reached XP level 16. HP: 86/92 MP: 21/21
 22843 | Snake:3  | XOM: potion effect (invisibility)
 22851 | Snake:3  | XOM: harmless Necr miscast
 22922 | Snake:3  | XOM: harmless Conj miscast
 22992 | Snake:3  | XOM: mild Conj miscast
 23101 | Snake:3  | XOM: confuse monster(s)
 23143 | Snake:3  | Noticed Mara
 23145 | Snake:3  | Noticed HEYYEYAAE's illusion
 23147 | Snake:3  | XOM: noise
 23209 | Snake:3  | XOM: summons friendly ufetubus
 23230 | Snake:3  | XOM: destruction
 23231 | Snake:3  | XOM: summons friendly iron imp
 23232 | Snake:3  | Paralysed by HEYYEYAAE's illusion for 3 turns
 23274 | Snake:3  | Reached skill level 14 in Fighting
 23372 | Snake:3  | XOM: enchant monster (bad)
 23374 | Snake:3  | XOM: potion effect (magic)
 23415 | Snake:3  | Noticed Nikola
 23420 | Snake:3  | XOM: enchant monster (bad)
 23429 | Snake:3  | Killed Nikola
 23429 | Snake:3  | Reached skill level 1 in Stealth
 23466 | Snake:3  | XOM: confuse monster(s)
 23589 | Snake:3  | Noticed HEYYEYAAE's illusion
 23589 | Snake:3  | Killed Mara
 23817 | Snake:4  | Entered Level 4 of the Snake Pit
 23840 | Snake:4  | XOM: confuse monster(s)
 23923 | Snake:4  | XOM: silly message
 23971 | Snake:4  | XOM: noise
 23977 | Snake:4  | XOM: enchant monster (good)
 23987 | Snake:4  | Reached skill level 10 in Evocations
 24081 | Snake:4  | XOM: blink monster(s)
 24212 | Snake:4  | Reached skill level 5 in Short Blades
 24231 | Snake:4  | XOM: cast spell 'Summon Butterflies'
 24232 | Snake:4  | XOM: repel stairs
 24344 | Snake:4  | XOM: blink monster(s)
 24365 | Snake:4  | XOM: give mutation
 24365 | Snake:4  | Lost mutation: Your magical capacity is low (-10% MP). [Xom's mischief]
 24378 | Snake:4  | XOM: summons 8 hostile demons
 24550 | Snake:4  | XOM: stat loss: -1 Dex (23/24)
 24555 | Snake:4  | XOM: noise
 24557 | Snake:4  | XOM: god gift: scroll of recharging
 24676 | Snake:4  | XOM: confusion (+ monsters)
 24700 | Snake:4  | Reached XP level 17. HP: 98/98 MP: 25/25
 24721 | Snake:4  | XOM: noise
 24749 | Snake:4  | XOM: blink monster(s)
 24791 | Snake:4  | XOM: confusion (+ monsters)
 24802 | Snake:4  | XOM: give mutations
 24802 | Snake:4  | Gained mutation: You are frail (-10% HP). [Xom's mischief]
 24802 | Snake:4  | Lost mutation: Your body sometimes deteriorates upon taking damage. [Xom's mischief]
 24802 | Snake:4  | Lost mutation: You are dopey. (Int -2) [Xom's mischief]
 24807 | Snake:4  | XOM: confuse monster(s)
 24811 | Snake:4  | Got a serpentine rune of Zot
 24834 | Snake:4  | XOM: summons friendly sixfirhy
 24954 | Snake:4  | Reached skill level 10 in Dodging
 24962 | Snake:4  | XOM: destruction
 24965 | Snake:4  | XOM: enchant monster (good)
 24968 | Snake:4  | XOM: god gift: wand of magic darts {god gift}
 24978 | Snake:4  | XOM: 2-stop teleportation journey
 24979 | Snake:4  | XOM: smoke on damage
 25171 | Snake:4  | XOM: divination: detect creatures
 25321 | Snake:4  | XOM: cast spell 'Conjure Ball Lightning'
 25335 | Snake:4  | XOM: potion effect (berserk rage)
 25445 | Snake:4  | XOM: enchant monster (bad)
 25486 | Snake:4  | XOM: enchant monster (bad)
 25497 | Snake:4  | XOM: enchant monster (bad)
 25597 | Snake:3  | XOM: mild Erth miscast
 25767 | Shoals:1 | XOM: stealth player
 25767 | Shoals:1 | Entered Level 1 of the Shoals
 25773 | Shoals:1 | Got a shimmering chain mail
 25775 | Shoals:1 | Identified the +4 chain mail of the Gloaming {rPois Int+5} (You found it on level 1 of the Shoals)
 25798 | Shoals:1 | XOM: harmless Erth miscast
 25870 | Shoals:1 | Got a pair of transparent boots
 25871 | Shoals:1 | Found a flickering gateway to a bazaar.
 25880 | Bazaar   | Entered a bazaar
 25882 | Bazaar   | Got the ring "Hefuy" {+Fly}
 25890 | Bazaar   | Found Olyfaizi's Distillery.
 25912 | Bazaar   | Found Leleh's Distillery.
 25925 | Bazaar   | Bought a potion of might for 64 gold pieces
 25925 | Bazaar   | Bought a potion of curing for 48 gold pieces
 25925 | Bazaar   | Bought a potion of haste for 160 gold pieces
 26029 | Shoals:1 | Identified the +2 pair of boots "Ychoch" {*Confuse +Inv MR+} (You found it on level 1 of the Shoals)
 26220 | Shoals:1 | XOM: summons friendly shadow imp
 26226 | Shoals:1 | XOM: harmless Chrm miscast
 26765 | Shoals:2 | Reached skill level 5 in Stealth
 26822 | Shoals:2 | XOM: give mutations
 26822 | Shoals:2 | Lost mutation: You are partially covered in molten scales (AC +1). [Xom's mischief]
 26822 | Shoals:2 | Gained mutation: Your spells are harder to cast, but more powerful. [Xom's mischief]
 26889 | Shoals:2 | Reached skill level 15 in Fighting
 26955 | Shoals:2 | XOM: summons friendly white imp
 26957 | Shoals:2 | Reached skill level 10 in Armour
 26987 | Shoals:2 | XOM: confuse monster(s)
 27069 | Shoals:2 | XOM: summons 6 friendly demons
 27209 | Shoals:2 | XOM: confuse monster(s)
 27230 | Shoals:2 | XOM: divination: magic mapping
 27264 | Shoals:2 | XOM: cast spell 'Shadow Creatures'
 27448 | Shoals:2 | XOM: confuse monster(s)
 27664 | Shoals:3 | Noticed Jorgrun
 27744 | Shoals:2 | XOM: cast spell 'Summon Dragon'
 27786 | Shoals:2 | Killed Jorgrun
 28109 | Shoals:3 | Got a brightly glowing glass ring
 28123 | Shoals:3 | XOM: give mutations
 28123 | Shoals:3 | Gained mutation: You are agile. (Dex +2) [Xom's grace]
 28123 | Shoals:3 | Gained mutation: You are very agile. (Dex +4) [Xom's grace]
 28123 | Shoals:3 | Gained mutation: You have a pair of small antennae on your head. [Xom's grace]
 28123 | Shoals:3 | Gained mutation: You can translocate small distances at will. [Xom's grace]
 28227 | Shoals:3 | XOM: confuse monster(s)
 28231 | Shoals:3 | Reached XP level 18. HP: 74/93 MP: 27/27
 28255 | Shoals:3 | XOM: harmless Hex miscast
 28424 | Shoals:4 | Entered Level 4 of the Shoals
 28446 | Shoals:4 | Noticed Polyphemus
 28461 | Shoals:4 | Noticed Ilsuiw
 28464 | Shoals:4 | XOM: destruction
 28472 | Shoals:4 | XOM: confuse monster(s)
 28487 | Shoals:3 | Killed Polyphemus
 28566 | Shoals:3 | XOM: confuse monster(s)
 28607 | Shoals:3 | XOM: cast spell 'Ice Form'
 28642 | Shoals:3 | XOM: 5-stop teleportation journey
 28787 | Shoals:4 | Noticed Ilsuiw
 28787 | Shoals:4 | Ilsuiw changed into Ilsuiw the iron troll
 28787 | Shoals:4 | XOM: polymorph Ilsuiw -> Ilsuiw the iron troll
 28876 | Shoals:3 | Killed Ilsuiw the iron troll
 28913 | Shoals:4 | XOM: divination: detect creatures
 28918 | Shoals:4 | XOM: confuse monster(s)
 29070 | Shoals:4 | XOM: give mutations
 29070 | Shoals:4 | Gained mutation: You are partially covered in thin metallic scales (AC +2). [Xom's grace]
 29070 | Shoals:4 | Gained mutation: Your flesh is heat resistant. [Xom's grace]
 29070 | Shoals:4 | Gained mutation: You are resistant to hostile enchantments. [Xom's grace]
 29130 | Shoals:4 | XOM: 2-stop teleportation journey
 29211 | Shoals:4 | XOM: noise
 29226 | Shoals:4 | XOM: medium Pois miscast
 29255 | Shoals:4 | XOM: summons 9 hostile demons
 29304 | Shoals:4 | XOM: harmless Necr miscast
 29411 | Shoals:4 | XOM: divine lightning
 29418 | Shoals:4 | XOM: silly message
 29495 | Shoals:4 | XOM: silly message
 29532 | Shoals:4 | Got a barnacled rune of Zot
 29704 | Shoals:4 | XOM: silly message
 29719 | Shoals:4 | XOM: chaos upgrade
 29874 | Shoals:4 | XOM: blink monster(s)
 29905 | Shoals:4 | Identified the ring "Udaph" {+Inv rF+ Str+6} (You found it on level 3 of the Shoals)
 29987 | Shoals:4 | XOM: medium Air miscast
 30011 | Shoals:4 | XOM: 1-stop teleportation journey
 30110 | Shoals:4 | XOM: mild Hex miscast
 30117 | Shoals:4 | XOM: medium Summ miscast
 30248 | Shoals:3 | XOM: divination: magic mapping
 30479 | Slime:1  | Entered Level 1 of the Pits of Slime
 30484 | Slime:1  | XOM: harmless Chrm miscast
 30608 | Slime:2  | XOM: enchant monster (good)
 30616 | Slime:2  | XOM: potion effect (agility)
 30621 | Slime:1  | XOM: confuse monster(s)
 30684 | Slime:2  | Noticed Dissolution
 30746 | Slime:2  | Paralysed by a giant eyeball for 4 turns
 30747 | Slime:2  | XOM: smoke on damage
 30747 | Slime:2  | Gained mutation: Your magical capacity is low (-10% MP). [a shining eye]
 30751 | Slime:2  | Killed Dissolution
 30807 | Slime:2  | XOM: divination: detect creatures
 30881 | Slime:2  | XOM: summons 3 friendly demons
 30883 | Slime:2  | XOM: confuse monster(s)
 30886 | Slime:2  | Reached XP level 19. HP: 59/98 MP: 25/25
 30932 | Slime:2  | XOM: confusion
 30944 | Slime:2  | Reached skill level 16 in Fighting
 31076 | Slime:1  | XOM: cast spell 'Summon Horrible Things'
 31316 | Slime:1  | XOM: confuse monster(s)
 31888 | Slime:3  | XOM: confuse monster(s)
 31889 | Slime:3  | XOM: harmless Ice miscast
 32137 | Slime:3  | XOM: harmless Chrm miscast
 32181 | Slime:3  | XOM: scenery: create altars
 32244 | Slime:4  | XOM: repel stairs
 32263 | Slime:4  | XOM: fog
 32609 | Slime:5  | XOM: confuse monster(s)
 32614 | Slime:5  | XOM: confuse monster(s)
 32635 | Slime:5  | XOM: potion effect (brilliance)
 32835 | Slime:5  | XOM: divination: magic mapping
 32843 | Slime:5  | Gained mutation: Scrolls take you a little longer to read. [a shining eye]
 33255 | Slime:4  | XOM: divination: detect creatures
 33256 | Slime:4  | Noticed a juggernaut
 33256 | Slime:4  | an acid blob changed into a juggernaut
 33259 | Slime:4  | a juggernaut changed into an acid blob
 33286 | Slime:4  | XOM: god gift: 6 exploding tomahawks
 33328 | Slime:4  | XOM: 4-stop teleportation journey
 33389 | Slime:4  | XOM: summons 6 friendly demons
 33604 | Slime:6  | Entered Level 6 of the Pits of Slime
 33668 | Slime:6  | XOM: swap monsters
 33679 | Slime:6  | XOM: 1-stop teleportation journey
 33700 | Slime:6  | XOM: summons friendly white imp
 33705 | Slime:6  | Reached skill level 10 in Short Blades
 33797 | Slime:6  | XOM: swap monsters
 33855 | Slime:6  | XOM: mild Ice miscast
 33936 | Slime:5  | XOM: medium Tloc miscast
 34019 | Slime:6  | XOM: confusion
 34124 | Slime:6  | XOM: polymorph queen ant -> death yak
 34128 | Slime:6  | XOM: noise
 34198 | Slime:6  | XOM: mild Fire miscast
 34202 | Slime:6  | XOM: mild Fire miscast
 34205 | Slime:6  | Reached XP level 20. HP: 87/104 MP: 27/27
 34207 | Slime:6  | Noticed the royal jelly
 34211 | Slime:6  | XOM: fog
 34221 | Slime:6  | XOM: summons 4 hostile shadow creatures
 34222 | Slime:6  | XOM: divine lightning
 34230 | Slime:5  | XOM: smoke on damage
 34322 | Slime:6  | XOM: mild Summ miscast
 34345 | Slime:6  | XOM: blink monster(s)
 34428 | Slime:6  | XOM: confuse monster(s)
 34430 | Slime:6  | XOM: swap monsters
 34433 | Slime:6  | XOM: silly message
 34444 | Slime:6  | Killed the royal jelly
 34583 | Slime:6  | XOM: noise
 34600 | Slime:6  | XOM: blink monster(s)
 34653 | Slime:6  | Noticed a juggernaut
 34653 | Slime:6  | an acid blob changed into a juggernaut
 34653 | Slime:6  | XOM: polymorph acid blob -> juggernaut
 34668 | Slime:6  | XOM: medium Divn miscast
 34675 | Slime:6  | Killed a juggernaut
 34744 | Slime:6  | Gained mutation: Your magical capacity is very low (-20% MP). [a shining eye]
 34746 | Slime:6  | Lost mutation: You have large cloven feet. [a shining eye]
 34767 | Slime:6  | Got a slimy rune of Zot
 34819 | Slime:6  | XOM: mild Chrm miscast
 34834 | Slime:6  | XOM: destruction
 34839 | Slime:6  | XOM: confusion
 34849 | Slime:6  | XOM: noise
 34918 | Slime:6  | XOM: mild Trmt miscast
 34954 | Slime:6  | Learned a level 2 spell: Blink
 34956 | Slime:6  | Learned a level 1 spell: Apportation
 34959 | Slime:6  | Learned a level 2 spell: Shroud of Golubria
 34963 | Slime:6  | Learned a level 3 spell: Portal Projectile
 34970 | Slime:6  | Learned a level 6 spell: Statue Form
 35394 | D:11     | XOM: draining
 35403 | D:12     | XOM: 2-stop teleportation journey
 35494 | D:12     | Noticed Snorg
 35498 | D:12     | Killed Snorg
 36027 | D:13     | XOM: confusion (+ monsters)
 36031 | D:13     | XOM: potion effect (might)
 36147 | D:13     | XOM: god gift: scroll of immolation
 36193 | D:13     | XOM: god gift: legendary deck of cards {god gift}
 36407 | D:13     | Learned a level 2 spell: Swiftness
 36411 | D:13     | Learned a level 3 spell: Passwall
 36411 | D:13     | XOM: vitrification
 36591 | D:13     | Found a sacrificial altar of Ru.
 36672 | D:13     | Found a gate to the Vaults.
 36710 | D:13     | XOM: god gift: forked wooden wand {god gift}
 36816 | Vaults:1 | Entered Level 1 of the Vaults
 36820 | Vaults:1 | XOM: potion effect (might)
 36834 | Vaults:1 | XOM: 5-stop teleportation journey
 36956 | Vaults:1 | XOM: swap monsters
 36999 | Vaults:1 | XOM: enchant monster (good)
 37001 | Vaults:1 | XOM: enchant monster (good)
 37004 | Vaults:1 | XOM: cast spell 'Metabolic Englaciation'
 37037 | Vaults:1 | XOM: fake destruction
 37076 | Vaults:1 | Found Qocvewu's Antique Weapon Emporium.
 37103 | Vaults:1 | XOM: 3-stop teleportation journey
 37112 | Vaults:1 | XOM: mild Ice miscast
 37121 | Vaults:1 | XOM: divination: detect creatures
 37150 | Vaults:1 | XOM: silly message
 37202 | Vaults:1 | XOM: noise
 37341 | Vaults:1 | XOM: harmless Pois miscast
 37378 | Vaults:1 | Reached skill level 17 in Fighting
 37417 | Vaults:1 | XOM: confuse monster(s)
 37483 | Vaults:1 | XOM: cast spell 'Spider Form'
 37522 | Vaults:1 | XOM: noise
 37550 | Vaults:1 | Noticed Wiglaf
 37589 | Vaults:1 | Killed Wiglaf
 37665 | Vaults:1 | XOM: harmless Conj miscast
 37686 | Vaults:1 | XOM: scenery: 2 doors close
 37779 | Vaults:1 | XOM: harmless Chrm miscast
 38228 | Vaults:2 | Noticed Norris
 38235 | Vaults:2 | XOM: enchant monster (bad)
 38248 | Vaults:2 | Noticed Norris
 38248 | Vaults:2 | Norris changed into Norris the shard shrike
 38256 | Vaults:2 | Killed Norris the shard shrike
 38256 | Vaults:2 | Reached XP level 21. HP: 94/108 MP: 25/25
 38276 | Vaults:2 | XOM: divination: detect creatures
 38282 | Vaults:2 | XOM: chaos upgrade
 38328 | Vaults:2 | XOM: colour smoke trail
 38351 | Vaults:2 | XOM: 1-stop teleportation journey
 38353 | Vaults:2 | XOM: divination: magic mapping
 38356 | Vaults:2 | XOM: potion effect (haste)
 38357 | Vaults:2 | XOM: destruction
 38520 | Vaults:2 | XOM: silly message
 38702 | Vaults:2 | XOM: 5-stop teleportation journey
 38745 | Vaults:2 | Noticed Asterion
 38754 | Vaults:2 | Killed Asterion
 38765 | Vaults:2 | XOM: potion effect (haste)
 38770 | Vaults:2 | XOM: fog
 38772 | Vaults:2 | XOM: mild Conj miscast
 38870 | Vaults:2 | XOM: confusion
 38877 | Vaults:2 | XOM: 1-stop teleportation journey
 38885 | Vaults:2 | XOM: blink monster(s)
 38898 | Vaults:2 | XOM: polymorph orc -> giant gecko
 38904 | Vaults:2 | XOM: polymorph centaur warrior -> hill giant
 38993 | Vaults:2 | XOM: harmless Hex miscast
 38996 | Vaults:2 | Found Iguege's Assorted Antiques.
 39004 | Vaults:2 | XOM: cast spell 'Summon Dragon'
 39021 | Vaults:2 | Bought a scroll of magic mapping for 157 gold pieces
 39275 | Vaults:2 | XOM: blink monster(s)
 39321 | Vaults:2 | XOM: summons 3 friendly demons
 39327 | Vaults:2 | XOM: mild Summ miscast
 39335 | Vaults:2 | XOM: enchant monster (bad)
 39600 | Vaults:2 | XOM: divination: detect creatures
 39604 | Vaults:2 | XOM: medium Chrm miscast
 39800 | Vaults:3 | Reached skill level 10 in Throwing
 39813 | Vaults:3 | Found a magical portal.
 39823 | WizLab   | Entered Doroklohe's Tomb
 39863 | WizLab   | Noticed a greater mummy
 39880 | WizLab   | XOM: mild Tloc miscast
 39883 | WizLab   | XOM: enchant monster (good)
 39884 | WizLab   | Killed a greater mummy
 40007 | WizLab   | XOM: summons 4 hostile shadow creatures
 40008 | WizLab   | XOM: polymorph deep troll -> eye of devastation
 40073 | WizLab   | XOM: noise
 40111 | WizLab   | XOM: summons friendly shadow imp
 40159 | WizLab   | XOM: harmless Summ miscast
 40321 | WizLab   | Got an ichor-stained scale mail
 40333 | WizLab   | Identified the +0 scale mail of the Chupacabra {rElec Str+4 Slay-5 SInv} (You acquired it in a wizard's laboratory)
 40497 | Vaults:3 | XOM: 2-stop teleportation journey
 40572 | Vaults:3 | XOM: summons 7 friendly demons
 40637 | Vaults:3 | XOM: swap monsters
 40674 | Vaults:3 | XOM: enchant monster (bad)
 40701 | Vaults:3 | XOM: fog
 40703 | Vaults:3 | XOM: confusion (+ monsters)
 40721 | Vaults:3 | Reached XP level 22. HP: 115/115 MP: 26/26
 40848 | Vaults:3 | Found Pueco's Distillery.
 40902 | Vaults:3 | Bought a potion of haste for 200 gold pieces
 40902 | Vaults:3 | Bought a potion of might for 80 gold pieces
 40902 | Vaults:3 | Bought a potion of curing for 60 gold pieces
 40902 | Vaults:3 | Bought a potion of curing for 60 gold pieces
 40902 | Vaults:3 | Bought 2 potions of might for 160 gold pieces
 40902 | Vaults:3 | Bought a potion of curing for 60 gold pieces
 40953 | Vaults:3 | Found a staircase to the Crypt.
 40979 | Vaults:3 | XOM: fake destruction
 41065 | Vaults:3 | XOM: fog
 41135 | Vaults:3 | XOM: colour smoke trail
 41555 | Vaults:3 | XOM: fake destruction
 41558 | Vaults:3 | XOM: summons friendly crimson imp
 41560 | Vaults:3 | XOM: confuse monster(s)
 41570 | Vaults:3 | XOM: fake destruction
 41688 | Vaults:3 | XOM: divine lightning (protected)
 41807 | Vaults:4 | XOM: blink monster(s)
 41923 | Vaults:4 | Reached skill level 18 in Fighting
 41942 | Vaults:4 | XOM: cast spell 'Necromutation'
 41952 | Vaults:4 | XOM: summons 2 friendly demons
 41954 | Vaults:4 | XOM: confuse monster(s)
 42316 | Vaults:4 | Found Iremoc's Jewellery Boutique.
 42324 | Vaults:4 | Bought the amulet "Baoce" {Clar rElec Dex+4} for 551 gold pieces
 42415 | Vaults:4 | XOM: enchant monster (good)
 42539 | Vaults:4 | XOM: god gift: clouded amber ring {god gift}
 42543 | Vaults:4 | Got a clouded amber ring {god gift}
 42545 | Vaults:4 | Identified the ring of the Four Souls {*Confuse rPois rN+ Dex+4 Slay+3} (Xom gifted it to you on level 4 of the Vaults)
 42568 | Vaults:4 | XOM: fog
 42569 | Vaults:4 | XOM: divination: detect creatures
 42573 | Vaults:4 | XOM: divination: magic mapping
 42577 | Vaults:4 | XOM: divination: detect creatures
 42594 | Vaults:4 | XOM: enchant monster (good)
 42716 | Vaults:4 | XOM: cast spell 'Dragon Form'
 42717 | Vaults:4 | XOM: enchant monster (good)
 42847 | Vaults:5 | Entered Level 5 of the Vaults
 42849 | Vaults:5 | XOM: cast spell 'Necromutation'
 42858 | Vaults:5 | XOM: smoke on damage
 42997 | Vaults:4 | XOM: confuse monster(s)
 42999 | Vaults:4 | Reached XP level 23. HP: 116/120 MP: 27/27
 43034 | Vaults:5 | XOM: cast spell 'Summon Dragon'
 43066 | Vaults:5 | XOM: divination: detect items
 43072 | Vaults:5 | XOM: summons friendly crimson imp
 43116 | Vaults:5 | XOM: give mutations
 43116 | Vaults:5 | Gained mutation: You are highly resistant to hostile enchantments. [Xom's grace]
 43116 | Vaults:5 | Gained mutation: You have large cloven feet. [Xom's grace]
 43116 | Vaults:5 | Gained mutation: You have hoof-like feet. [Xom's grace]
 43118 | Vaults:5 | XOM: cast spell 'Dispersal'
 43191 | Vaults:5 | XOM: potion effect (brilliance)
 43208 | Vaults:5 | XOM: fake destruction
 43217 | Vaults:5 | XOM: confuse monster(s)
 43226 | Vaults:5 | XOM: enchant monster (good)
 43243 | Vaults:5 | XOM: polymorph yaktaur captain -> azure jelly
 43250 | Vaults:5 | XOM: confuse monster(s)
 43412 | Vaults:5 | XOM: enchant monster (bad)
 43619 | Vaults:5 | Got an ichor-stained dagger
 43625 | Vaults:5 | Got a brightly glowing scale mail
 43635 | Vaults:5 | XOM: colour smoke trail
 43636 | Vaults:5 | Identified the +1 scale mail "Numne" {rPois Dex+2 Slay+3 Stlth-} (You found it on level 5 of the Vaults)
 43680 | Vaults:5 | Identified the +6 dagger of Fear {vamp, +Blink MR+ Int+2} (You found it on level 5 of the Vaults)
 43765 | Vaults:5 | XOM: cast spell 'Summon Butterflies'
 43775 | Vaults:5 | Got a silver rune of Zot
 43866 | Vaults:5 | XOM: harmless Fire miscast
 43982 | Vaults:5 | XOM: cast spell 'Metabolic Englaciation'
 43985 | Vaults:5 | XOM: confuse monster(s)
 44175 | Vaults:5 | Learned a level 2 spell: Song of Slaying
 44197 | Vaults:5 | XOM: harmless Tloc miscast
 44492 | Vaults:5 | XOM: 2-stop teleportation journey
 44523 | Vaults:5 | XOM: noise
 44609 | Vaults:5 | Got a bloodstained scale mail
 44615 | Vaults:5 | Identified the +2 scale mail "Lucladao" {*Corrode rPois MR+ Str+5} (You found it on level 5 of the Vaults)
 44649 | Vaults:5 | XOM: summons 4 friendly demons
 44731 | Vaults:5 | Identified the Compendium of Feathers (You found it on level 5 of the Vaults)
 45237 | Elf:1    | Entered Level 1 of the Elven Halls
 45411 | Elf:1    | Found an ancient bone altar of Kikubaaqudgha.
 45539 | Elf:1    | XOM: cast spell 'Shadow Creatures'
 45699 | Elf:1    | XOM: confuse monster(s)
 46024 | Elf:2    | Got a brightly glowing silver ring
 46025 | Elf:2    | Identified the ring "Missiol" {Fire rElec} (You found it on level 2 of the Elven Halls)
 46125 | Elf:2    | XOM: mild Divn miscast
 46142 | Elf:2    | XOM: harmless Conj miscast
 46221 | Elf:2    | XOM: scenery: 1 doors close
 46291 | Elf:2    | Reached XP level 24. HP: 126/126 MP: 27/27
 46398 | Elf:2    | Found a runed gate.
 46398 | Elf:2    | Found a runed gate.
 46401 | Elf:2    | Found a runed gate.
 46468 | Elf:2    | Reached skill level 19 in Fighting
 46692 | Elf:2    | XOM: noise
 46847 | Elf:3    | Entered Level 3 of the Elven Halls
 47158 | Elf:3    | Noticed Louise
 47167 | Elf:3    | Killed Louise
 47272 | Elf:3    | XOM: chaos upgrade
 47276 | Elf:3    | XOM: divine lightning (protected)
 47280 | Elf:3    | XOM: fake destruction
 47441 | Elf:3    | XOM: divination: detect items
 47452 | Elf:3    | Reached skill level 15 in Shields
 47455 | Elf:3    | XOM: confuse monster(s)
 47463 | Elf:3    | XOM: god gift: 7 javelins of returning
 47465 | Elf:3    | XOM: divination: detect creatures
 47493 | Elf:3    | XOM: enchant monster (bad)
 47510 | Elf:3    | XOM: enchant monster (bad)
 47529 | Elf:3    | XOM: harmless Air miscast
 47670 | Elf:3    | XOM: give mutations
 47670 | Elf:3    | Lost mutation: You are frail (-10% HP). [Xom's mischief]
 47670 | Elf:3    | Lost mutation: You are very agile. (Dex +4) [Xom's mischief]
 47670 | Elf:3    | Lost mutation: Your magical capacity is very low (-20% MP). [Xom's mischief]
 47670 | Elf:3    | Lost mutation: Your magical capacity is low (-10% MP). [Xom's mischief]
 47883 | Elf:3    | Got a fine bronze amulet
 47886 | Elf:3    | Identified the amulet "Ileuhaor" {Spirit rElec Str+7} (You took it off a deep elf high priest on level 3 of the Elven Halls)
 47922 | Elf:3    | XOM: give mutation
 47922 | Elf:3    | Gained mutation: Your spells are much harder to cast, but much more powerful. [Xom's grace]
 47958 | Elf:3    | Identified the Almanac of Dislocated Ice
 48402 | Orc:2    | XOM: colour smoke trail
 48735 | D:14     | XOM: divination: detect creatures
 48739 | D:14     | Noticed Josephine
 48743 | D:14     | XOM: potion effect (invisibility)
 48744 | D:14     | Killed Josephine
 49017 | D:14     | XOM: harmless Hex miscast
 49031 | D:14     | XOM: divination: detect creatures
 49098 | D:15     | Entered Level 15 of the Dungeon
 49099 | D:15     | Found a staircase to the Depths.
 49203 | D:15     | XOM: harmless Necr miscast
 49546 | D:15     | Found Nics's Weapon Shoppe.
 49854 | D:15     | XOM: potion effect (haste)
 49935 | Depths:1 | Entered Level 1 of the Depths
 49993 | Depths:1 | Got a heavily runed chain mail
 49999 | Depths:1 | XOM: mild Summ miscast
 50004 | Depths:1 | Identified the +1 chain mail of Qicogag {*Drain Str+2 Int+4 Stlth+} (You acquired it on level 1 of the Depths)
 50275 | Depths:1 | XOM: give mutations
 50275 | Depths:1 | Lost mutation: You can translocate small distances at will. [Xom's mischief]
 50275 | Depths:1 | Lost mutation: Scrolls take you a little longer to read. [Xom's mischief]
 50284 | Depths:1 | XOM: enchant monster (good)
 50294 | Depths:1 | XOM: potion effect (haste)
 50308 | Depths:1 | Reached skill level 15 in Short Blades
 50385 | Depths:1 | XOM: give mutations
 50385 | Depths:1 | Gained mutation: You are very agile. (Dex +4) [Xom's grace]
 50385 | Depths:1 | Gained mutation: Your flesh is cold resistant. [Xom's grace]
 50449 | Depths:1 | XOM: summons friendly white imp
 50471 | Depths:1 | Found a bloodstained altar of Trog.
 50479 | Depths:1 | XOM: summons 8 friendly demons
 50515 | Depths:1 | Got a twitching iron ring
 50517 | Depths:1 | Identified the ring "Zuomyn" {Wiz +Blink +Inv} (You found it on level 1 of the Depths)
 50534 | Depths:1 | XOM: scenery: 1 doors open
 50552 | Depths:1 | Found a gateway to Hell.
 50747 | Depths:1 | Found a gateway to a ziggurat.
 50793 | Depths:1 | Reached XP level 25. HP: 135/145 MP: 34/34
 50802 | Zig:1    | Entered Level 1 of a ziggurat
 50825 | Zig:2    | Entered Level 2 of a ziggurat
 50836 | Zig:2    | XOM: polymorph siren -> cyclops
 50845 | Zig:3    | Entered Level 3 of a ziggurat
 50905 | Zig:4    | Entered Level 4 of a ziggurat
 50916 | Zig:4    | XOM: blink monster(s)
 50921 | Zig:4    | XOM: noise
 50963 | Zig:5    | XOM: stealth player
 50963 | Zig:5    | Entered Level 5 of a ziggurat
 50977 | Zig:5    | XOM: summons 1 hostile demon
 50983 | Zig:5    | XOM: 2-stop teleportation journey
 50992 | Zig:5    | XOM: mild Conj miscast
 51015 | Zig:5    | Reached XP level 26. HP: 151/151 MP: 34/34
 51017 | Zig:5    | Got a jewelled falchion
 51018 | Zig:5    | Identified the +7 falchion of Devotion {slice, *Noise rN+++ Str+3 SInv} (You found it on level 5 of a ziggurat)
 51030 | Zig:6    | Entered Level 6 of a ziggurat
 51096 | Zig:7    | Entered Level 7 of a ziggurat
 51157 | Zig:7    | Identified Lehudib's Collected Works on Confrontation (You found it on level 7 of a ziggurat)
 51164 | Zig:8    | Entered Level 8 of a ziggurat
 51180 | Zig:8    | XOM: enchant monster (bad)
 51187 | Zig:8    | XOM: enchant monster (bad)
 51313 | Zig:8    | Reached XP level 27. HP: 151/156 MP: 34/34
 51315 | Zig:8    | Identified the Guide on Captivating Summoning (You found it on level 8 of a ziggurat)
 51321 | Zig:8    | Identified the Incunabulum of Transformation (You found it on level 8 of a ziggurat)
 51339 | Zig:9    | Entered Level 9 of a ziggurat
 51384 | Zig:10   | Entered Level 10 of a ziggurat
 51480 | Zig:10   | Reached skill level 20 in Fighting
 51529 | Zig:10   | Got a fine pewter ring
 51532 | Zig:10   | Got a glittering jade ring
 51536 | Zig:10   | Identified the ring "Roosip" {Wiz Str+2 Int+4} (You found it on level 10 of a ziggurat)
 51538 | Zig:10   | Identified the ring "Binudwab" {Wiz +Fly rC+ MR- MP+9} (You found it on level 10 of a ziggurat)
 51548 | Zig:11   | Entered Level 11 of a ziggurat
 51638 | Zig:11   | XOM: mild Trmt miscast
 51644 | Zig:11   | XOM: confuse monster(s)
 51670 | Zig:11   | XOM: summons friendly shadow imp
 51671 | Zig:11   | XOM: 7-stop teleportation journey
 51672 | Zig:11   | XOM: summons friendly ufetubus
 51783 | Zig:11   | Got a faintly glowing platinum ring
 51784 | Zig:11   | Identified the ring of the Monkey's Uncle {Str+3 SInv Stlth+} (You found it on level 11 of a ziggurat)
 51799 | Zig:12   | Entered Level 12 of a ziggurat
 51816 | Zig:12   | XOM: summons 13 friendly demons
 51830 | Zig:12   | Noticed an ancient lich
 51835 | Zig:12   | XOM: destruction
 51846 | Zig:12   | Reached skill level 15 in Dodging
 51855 | Zig:12   | XOM: summons 8 friendly demons
 51861 | Zig:12   | Got a coiled diamond amulet
 51863 | Zig:12   | Identified the amulet "Qulu" {rCorr *Corrode Dex+4} (You found it on level 12 of a ziggurat)
 51869 | Zig:13   | Entered Level 13 of a ziggurat
 52014 | Zig:13   | XOM: summons 5 friendly demons
 52017 | Zig:13   | Noticed Tutierch the pandemonium lord
 52024 | Zig:13   | XOM: enchant monster (good)
 52173 | Depths:1 | XOM: vitrification
 52242 | Depths:1 | Got a translucent dagger
 52243 | Depths:1 | Identified the +8 dagger of Giopp {drain, -Tele +Inv SInv} (You found it on level 1 of the Depths)
 52258 | Depths:1 | XOM: vitrification
 52540 | Crypt:1  | Entered Level 1 of the Crypt
 52555 | Crypt:1  | XOM: divination: magic mapping
 52622 | Crypt:1  | XOM: fake destruction
 52781 | Crypt:1  | XOM: summons friendly quasit
 52807 | Crypt:1  | Found a basalt altar of Yredelemnul.
 52907 | Crypt:1  | XOM: confuse monster(s)
 53320 | Crypt:2  | XOM: summons 10 friendly demons
 53321 | Crypt:2  | XOM: summons friendly shadow imp
 53334 | Crypt:2  | XOM: swap monsters
 53829 | Crypt:2  | XOM: summons 8 hostile demons
 53867 | Crypt:2  | XOM: medium Pois miscast
 53913 | Crypt:3  | Entered Level 3 of the Crypt
 53941 | Crypt:3  | XOM: 1-stop teleportation journey
 54101 | Crypt:3  | XOM: destruction
 54113 | Crypt:3  | XOM: chaos upgrade
 54192 | Crypt:3  | XOM: 4-stop teleportation journey
 54211 | Crypt:3  | XOM: give mutations
 54211 | Crypt:3  | Lost mutation: You have hoof-like feet. [Xom's mischief]
 54211 | Crypt:3  | Lost mutation: Your spells are much harder to cast, but much more powerful. [Xom's mischief]
 54211 | Crypt:3  | Lost mutation: You are very agile. (Dex +4) [Xom's mischief]
 54211 | Crypt:3  | Lost mutation: Your spells are harder to cast, but more powerful. [Xom's mischief]
 54226 | Crypt:3  | Found an ancient bone altar of Kikubaaqudgha.
 54228 | Crypt:3  | Noticed an ancient lich
 54234 | Crypt:3  | XOM: blink monster(s)
 54248 | Crypt:3  | Killed an ancient lich
 54249 | Crypt:3  | Noticed an ancient lich
 54252 | Crypt:3  | Banished an ancient lich
 54275 | Crypt:3  | Identified Innao's Papyrus of Context (You found it on level 3 of the Crypt)
 54287 | Crypt:3  | Noticed an ancient lich
 54298 | Crypt:3  | Killed an ancient lich
 54644 | Crypt:3  | Reached skill level 15 in Evocations
 54656 | Crypt:3  | XOM: harmless Erth miscast
 54722 | Crypt:3  | XOM: enchant monster (bad)
 55038 | Crypt:3  | XOM: 1-stop teleportation journey
 55145 | Crypt:3  | XOM: harmless Necr miscast
 55176 | Crypt:3  | XOM: blink monster(s)
 55260 | Crypt:3  | Found a staircase to the Tomb.
 55300 | Tomb:1   | Entered Level 1 of the Tomb of the Ancients
 55495 | Tomb:1   | XOM: enchant monster (good)
 55533 | Tomb:1   | XOM: destruction
 55778 | Tomb:1   | XOM: blink monster(s)
 55974 | Tomb:1   | XOM: summons 3 friendly demons
 56025 | Tomb:1   | XOM: mild Summ miscast
 56173 | Tomb:1   | XOM: enchant monster (good)
 56218 | Tomb:1   | XOM: destruction
 56321 | Tomb:1   | XOM: silly message
 56332 | Tomb:1   | Noticed Boris
 56335 | Tomb:1   | XOM: confuse monster(s)
 56340 | Tomb:1   | XOM: snakes to sticks
 56455 | Tomb:1   | XOM: harmless Air miscast
 56561 | Tomb:1   | XOM: harmless Necr miscast
 56631 | Tomb:1   | XOM: summons friendly quasit
 56654 | Tomb:1   | XOM: cast spell 'Stoneskin'
 56742 | Tomb:1   | XOM: summons friendly white imp
 56798 | Tomb:1   | XOM: enchant monster (good)
 56799 | Tomb:1   | XOM: blink monster(s)
 56878 | Tomb:1   | Reached skill level 21 in Fighting
 57029 | Tomb:1   | Upgraded the game from 0.17.1-2-g5865329 to 0.17.1-3-g152610e
 57041 | Tomb:1   | XOM: give mutation
 57041 | Tomb:1   | Gained mutation: Your spells are harder to cast, but more powerful. [Xom's grace]
 57132 | Tomb:2   | XOM: cast spell 'Cause Fear'
 57174 | Tomb:1   | XOM: colour smoke trail
 57348 | Tomb:1   | XOM: 5-stop teleportation journey
 57480 | Tomb:2   | Lost mutation: You are partially covered in iridescent scales (AC +4). [a neqoxec]
 57559 | Tomb:2   | XOM: mild Fire miscast
 57568 | Tomb:1   | XOM: summons 5 hostile demons
 57582 | Tomb:2   | XOM: 1-stop teleportation journey
 57590 | Tomb:3   | Entered Level 3 of the Tomb of the Ancients
 57593 | Tomb:2   | Noticed Frederick
 57597 | Tomb:2   | XOM: blink monster(s)
 57599 | Tomb:2   | Killed Frederick
 57637 | Tomb:3   | XOM: swap monsters
 57639 | Tomb:3   | XOM: medium Erth miscast
 57726 | Tomb:3   | XOM: stat loss: -1 Dex (29/30)
 57763 | Tomb:2   | XOM: severe Chrm miscast
 57771 | Tomb:3   | Noticed an ancient lich
 57934 | Tomb:3   | XOM: harmless Ice miscast
 57947 | Tomb:2   | XOM: cast spell 'Necromutation'
 57958 | Tomb:3   | XOM: polymorph anubis guard -> lindwurm
 57972 | Tomb:2   | XOM: summons friendly crimson imp
 58011 | Tomb:2   | Killed an ancient lich
 58021 | Tomb:2   | XOM: vitrification
 58124 | Tomb:3   | XOM: cast spell 'Stoneskin'
 58126 | Tomb:2   | XOM: give mutation
 58126 | Tomb:2   | Gained mutation: You have a somewhat thin skeletal structure (Dex +2, Stealth). [Xom's grace]
 58299 | Tomb:2   | XOM: god gift: 950 gold pieces
 58424 | Tomb:2   | XOM: 1-stop teleportation journey
 58438 | Tomb:2   | XOM: noise
 58517 | Tomb:3   | XOM: enchant monster (bad)
 58529 | Tomb:3   | XOM: potion effect (brilliance)
 58539 | Tomb:3   | XOM: repel stairs
 58616 | Tomb:3   | XOM: mild Conj miscast
 58619 | Tomb:3   | XOM: silly message
 58748 | Tomb:3   | XOM: swap monsters
 58766 | Tomb:3   | XOM: summons friendly shadow imp
 58775 | Tomb:3   | XOM: blink monster(s)
 58783 | Tomb:3   | XOM: destruction
 58889 | Tomb:3   | XOM: medium Divn miscast
 59062 | Tomb:3   | Got a twitching iron amulet
 59064 | Tomb:3   | Identified the amulet of Satyriasis {Ward rN+ Str+9 Dex-3} (You found it on level 3 of the Tomb of the Ancients)
 59067 | Tomb:3   | Got a steaming silver amulet
 59070 | Tomb:3   | Identified the amulet of Sontyil {Faith *Drain rN+++ Int+3 Dex-2} (You found it on level 3 of the Tomb of the Ancients)
 59076 | Tomb:3   | Identified the Guide on Feathery Confrontation (You found it on level 3 of the Tomb of the Ancients)
 59089 | Tomb:3   | Identified Okemyror's Catalogue of Augmentations (You found it on level 3 of the Tomb of the Ancients)
 59091 | Tomb:3   | Identified the Compendium of Enhancements and Attacks
 59096 | Tomb:3   | Got a ring of the Octopus King
 59101 | Tomb:3   | Got a vibrating wooden ring
 59105 | Tomb:3   | Identified a ring of the Octopus King {Wiz AC+1 EV+1 Str+1 Int+1 Dex+1} (You found it on level 3 of the Tomb of the Ancients)
 59108 | Tomb:3   | Identified the ring "Wilatzub" {SustAt Str+3} (You found it on level 3 of the Tomb of the Ancients)
 59162 | Tomb:3   | Got a golden rune of Zot
 59321 | Tomb:3   | XOM: silly message
 59334 | Tomb:3   | Got a black opal-encrusted scale mail
 59348 | Tomb:3   | Identified the cursed +1 scale mail "Kynun" {*Drain *Confuse MR+ Dex+10} (You found it on level 3 of the Tomb of the Ancients)
 59395 | Tomb:3   | XOM: harmless Fire miscast
 59551 | Tomb:1   | XOM: confusion
 59993 | Vaults:2 | XOM: scenery: 3 doors close
 60066 | Vaults:2 | XOM: cast spell 'Dispersal'
 60271 | Depths:2 | XOM: noise
 60284 | Depths:2 | Reached skill level 15 in Armour
 60290 | Depths:2 | XOM: silly message
 60314 | Depths:2 | XOM: summons friendly ufetubus
 60324 | Depths:2 | XOM: harmless Tloc miscast
 60359 | Depths:2 | XOM: divination: detect items
 60363 | Depths:2 | XOM: potion effect (haste)
 60487 | Depths:2 | XOM: divination: magic mapping
 60535 | Depths:2 | XOM: divination: magic mapping
 61262 | Depths:3 | Found a one-way gate leading to the halls of Pandemonium.
 61298 | Depths:3 | XOM: divination: detect items
 61305 | Depths:3 | XOM: harmless Chrm miscast
 61422 | Depths:3 | XOM: divination: detect items
 61468 | Depths:3 | XOM: harmless Summ miscast
 61469 | Depths:3 | XOM: harmless Summ miscast
 61471 | Depths:3 | XOM: swap monsters
 61498 | Depths:3 | XOM: confusion (+ monsters)
 61501 | Depths:3 | XOM: summons 4 hostile shadow creatures
 61513 | Depths:3 | XOM: divination: magic mapping
 61518 | Depths:3 | XOM: summons friendly quasit
 61527 | Depths:3 | XOM: mild Erth miscast
 61532 | Depths:3 | XOM: confusion
 61660 | Depths:3 | Found a snail-covered altar of Cheibriados.
 61755 | Depths:3 | Found a one-way gate to the infinite horrors of the Abyss.
 61755 | Depths:3 | XOM: summons 6 friendly demons
 61870 | Depths:3 | XOM: summons 4 friendly demons
 61928 | Depths:4 | Found Eripum's Antique Weapon Shop.
 62009 | Depths:4 | XOM: divine lightning (protected)
 62404 | Depths:4 | XOM: 8-stop teleportation journey
 62753 | Depths:5 | Entered Level 5 of the Depths
 62757 | Depths:5 | XOM: enchant monster (good)
 62793 | Depths:5 | Noticed Mennas
 62810 | Depths:5 | XOM: fog
 62812 | Depths:5 | Killed Mennas
 62812 | Depths:5 | Reached skill level 22 in Fighting
 62841 | Depths:5 | XOM: enchant monster (good)
 62869 | Depths:5 | XOM: god gift: greatsling {god gift}
 62920 | Depths:5 | XOM: fake destruction
 62936 | Depths:5 | Found a gate to the Realm of Zot.
 63096 | Depths:5 | Found Bete's Weapon Shoppe.
 63295 | Depths:5 | XOM: swap monsters
 63297 | Depths:5 | XOM: enchant monster (bad)
 63441 | Hell     | Entered the Vestibule of Hell
 63441 | Hell     | Noticed Geryon
 63442 | Hell     | XOM: noise
 63443 | Hell     | XOM: fog
 63462 | Hell     | XOM: potion effect (haste)
 63468 | Hell     | Killed Geryon
 63588 | Hell     | XOM: blink monster(s)
 63591 | Hell     | Found a gateway to the Iron City of Dis.
 63625 | Dis:1    | Entered Level 1 of the Iron City of Dis
 63918 | Dis:1    | XOM: polymorph reaper -> balrug
 64054 | Dis:2    | XOM: chaos upgrade
 64061 | Dis:2    | XOM: colour smoke trail
 64098 | Dis:3    | XOM: harmless Summ miscast
 64129 | Dis:3    | XOM: 1-stop teleportation journey
 64145 | Dis:3    | XOM: give mutations
 64145 | Dis:3    | Lost mutation: Your flesh is heat resistant. [Xom's mischief]
 64145 | Dis:3    | Lost mutation: Your spells are harder to cast, but more powerful. [Xom's mischief]
 64178 | Dis:3    | XOM: silly message
 64201 | Dis:3    | XOM: 6-stop teleportation journey
 64279 | Dis:3    | XOM: harmless Ice miscast
 64302 | Dis:3    | XOM: chaos upgrade
 64317 | Dis:3    | XOM: summons friendly ufetubus
 64354 | Dis:3    | XOM: polymorph ufetubus -> shadow imp
 64568 | Dis:3    | XOM: confusion
 64779 | Dis:4    | Reached skill level 15 in Throwing
 64835 | Dis:5    | XOM: confuse monster(s)
 64892 | Dis:5    | XOM: mild Conj miscast
 64924 | Dis:6    | XOM: silly message
 64925 | Dis:7    | Entered Level 7 of the Iron City of Dis
 64951 | Dis:7    | XOM: enchant monster (bad)
 64961 | Dis:7    | XOM: fake destruction
 64974 | Dis:7    | XOM: enchant monster (good)
 65032 | Dis:7    | XOM: blink monster(s)
 65079 | Dis:7    | XOM: blink monster(s)
 65081 | Dis:7    | XOM: summons 2 friendly demons
 65144 | Dis:7    | XOM: summons friendly shadow imp
 65240 | Dis:7    | XOM: harmless Tloc miscast
 65294 | Dis:7    | XOM: noise
 65317 | Dis:7    | Lost mutation: You are agile. (Dex +2) [a cacodemon]
 65321 | Dis:7    | XOM: 6-stop teleportation journey
 65329 | Dis:7    | Lost mutation: Your system is resistant to poisons. [a cacodemon]
 65333 | Dis:7    | XOM: divination: detect creatures
 65336 | Dis:7    | XOM: enchant monster (bad)
 65337 | Dis:7    | XOM: summons 2 friendly demons
 65342 | Dis:7    | Noticed inmateoo's ghost (legendary GrFi)
 65454 | Dis:7    | XOM: enchant monster (good)
 65466 | Dis:7    | XOM: cast spell 'Necromutation'
 65501 | Dis:7    | Killed inmateoo's ghost
 65518 | Dis:7    | XOM: blink monster(s)
 65611 | Dis:7    | XOM: 7-stop teleportation journey
 65619 | Dis:7    | XOM: confusion
 65770 | Dis:7    | XOM: summons 6 friendly demons
 65811 | Dis:7    | XOM: noise
 65824 | Dis:7    | Gained mutation: Your magical capacity is low (-10% MP). [a cacodemon]
 65843 | Dis:7    | XOM: divination: detect items
 65848 | Dis:7    | XOM: cast spell 'Summon Swarm'
 66010 | Dis:7    | XOM: harmless Summ miscast
 66082 | Dis:7    | XOM: silly message
 66227 | Dis:7    | XOM: divination: detect creatures
 66438 | Dis:7    | XOM: cast spell 'Metabolic Englaciation'
 66472 | Dis:7    | XOM: divination: detect items
 66584 | Dis:7    | XOM: harmless Divn miscast
 66587 | Dis:7    | Noticed Dispater
 66628 | Dis:7    | Killed Dispater
 66655 | Dis:7    | XOM: cast spell 'Cause Fear'
 66681 | Dis:7    | Got an iron rune of Zot
 66752 | Dis:7    | XOM: mild Ice miscast
 66846 | Hell     | XOM: harmless Erth miscast
 66848 | Hell     | Found a gateway to the freezing wastes of Cocytus.
 66876 | Coc:1    | Entered Level 1 of Cocytus
 67043 | Coc:1    | XOM: vitrification
 67282 | Coc:3    | XOM: summons friendly white imp
 67354 | Coc:3    | You fall through a shaft!
 67400 | Coc:6    | XOM: summons 4 friendly demons
 67437 | Coc:7    | Entered Level 7 of Cocytus
 67439 | Coc:7    | Noticed the Serpent of Hell
 67445 | Coc:7    | XOM: divination: magic mapping
 67460 | Coc:7    | Killed the Serpent of Hell
 67460 | Coc:7    | Reached skill level 23 in Fighting
 67463 | Coc:7    | XOM: divination: detect creatures
 67481 | Coc:7    | XOM: divination: magic mapping
 67523 | Coc:7    | XOM: god gift: 3 curare-tipped needles
 67550 | Coc:7    | XOM: divination: detect creatures
 67591 | Coc:7    | XOM: swap monsters
 67653 | Coc:7    | XOM: summons friendly sixfirhy
 67755 | Coc:7    | XOM: smoke on damage
 68286 | Coc:7    | XOM: cast spell 'Olgreb's Toxic Radiance'
 68288 | Coc:7    | Noticed Antaeus
 68294 | Coc:7    | XOM: swap monsters
 68322 | Coc:7    | XOM: give mutations
 68322 | Coc:7    | Lost mutation: Your magical capacity is low (-10% MP). [Xom's mischief]
 68322 | Coc:7    | Lost mutation: You have a pair of small antennae on your head. [Xom's mischief]
 68585 | Coc:7    | XOM: give mutation
 68585 | Coc:7    | Gained mutation: You are somewhat resistant to further mutation. [Xom's mischief]
 68610 | Coc:7    | XOM: 1-stop teleportation journey
 68623 | Coc:7    | XOM: 1-stop teleportation journey
 68687 | Coc:7    | XOM: colour smoke trail
 68706 | Coc:7    | XOM: summons friendly quasit
 68863 | Coc:7    | XOM: noise
 68920 | Coc:7    | Got a brightly glowing brass ring
 68941 | Coc:7    | XOM: blink monster(s)
 68976 | Coc:7    | XOM: polymorph Antaeus -> Antaeus
 68997 | Coc:7    | XOM: draining
 69004 | Coc:7    | Killed Antaeus
 69028 | Coc:7    | Got an icy rune of Zot
 69050 | Coc:7    | Identified the ring "Pomufiy" {MP+9 Str+5 Int+7} (You took it off a skeletal warrior on level 7 of Cocytus)
 69058 | Coc:7    | XOM: mild Fire miscast
 69106 | Coc:7    | Drowned

Action                   |  1- 3 |  4- 6 |  7- 9 | 10-12 | 13-15 | 16-18 | 19-21 | 22-24 | 25-27 || total
-------------------------+-------+-------+-------+-------+-------+-------+-------+-------+-------++-------
Melee: Unarmed           |   102 |       |     4 |       |     7 |    19 |    14 |    84 |       ||   230
       Rapier            |    30 |   191 |   152 |   877 |  1314 |  1481 |  2062 |  1260 |   985 ||  8352
       Dagger            |       |       |   152 |   182 |       |       |       |       |       ||   334
       Mace              |       |       |       |    12 |       |       |       |       |       ||    12
       Falchion          |       |       |       |       |       |       |       |       |   762 ||   762
       Pair of quick bla |       |       |       |       |       |       |       |       |  1727 ||  1727
       Quick blade       |       |       |       |       |       |       |       |       |   414 ||   414
Throw: Javelin           |       |       |       |       |       |    30 |    24 |    46 |   131 ||   231
       Throwing net      |       |       |       |       |       |     6 |       |    10 |     6 ||    22
 Abil: Evoke Berserk Rag |       |       |     1 |     1 |       |       |       |       |       ||     2
       Blink             |       |       |       |       |       |       |     1 |       |       ||     1
Evoke: Wand              |       |       |    28 |    69 |    12 |    76 |    20 |     6 |    35 ||   246
       Disc of storms    |       |       |       |       |       |       |     4 |     8 |    15 ||    27
       Sack of spiders   |       |       |       |       |       |       |       |     9 |     6 ||    15
       Fan of gales      |       |       |       |       |       |       |       |     3 |     8 ||    11
       Lamp of fire      |       |       |       |       |       |       |       |     1 |    12 ||    13
       Phial of floods   |       |       |       |       |       |       |       |     1 |    10 ||    11
       Box of beasts     |       |       |       |       |       |       |       |     1 |    11 ||    12
  Use: Scroll            |     2 |       |    11 |    25 |    26 |    15 |    24 |     9 |    48 ||   160
       Potion            |       |       |       |    11 |     4 |     9 |     4 |       |    15 ||    43
 Stab: Sleeping          |       |     2 |     1 |     1 |     1 |     1 |     3 |    10 |    21 ||    40
       Paralysed         |       |       |     2 |       |    14 |    13 |    24 |     4 |    14 ||    71
       Distracted        |       |       |       |     2 |     3 |     5 |     5 |     5 |    13 ||    33
       Confused          |       |       |       |     2 |     5 |    29 |    17 |    22 |    16 ||    91
       Petrifying        |       |       |       |     2 |     2 |     9 |     8 |    15 |     7 ||    43
       Invisible         |       |       |       |    16 |     4 |     3 |     3 |     3 |       ||    29
       Petrified         |       |       |       |     1 |       |     1 |       |       |     3 ||     5
       Held in net/web   |       |       |       |       |       |     3 |       |     2 |       ||     5
  Eat: Chunk             |       |     6 |    12 |    20 |    23 |    16 |    14 |    13 |     5 ||   109
       Beef jerky        |       |       |       |     4 |     5 |       |       |     4 |     2 ||    15
       Fruit             |       |       |       |     3 |     2 |     6 |     1 |    10 |       ||    22
       Pizza             |       |       |       |     1 |     1 |     8 |       |     2 |     2 ||    14
       Royal jelly       |       |       |       |       |       |       |     6 |     2 |    13 ||    21
       Bread ration      |       |       |       |       |       |       |     2 |       |     4 ||     6
       Meat ration       |       |       |       |       |       |       |       |       |     2 ||     2
